 Dungeon Crawl Stone Soup version 0.24-a0-22-g2a401c0 (webtiles) character file.

1206427 Gorice the Portalist (level 27, -7/251 (254) HPs)
             Began as a Minotaur Gladiator on Jan 19, 2019.
             Was the Champion of the Shining One.
             Mangled by a reaper
             ... wielding a +1 scythe of protection
             ... created by the effects of Hell
              (16 damage)
             ... on level 7 of Tartarus on Feb 1, 2019.
             The game lasted 09:43:07 (97094 turns).

Gorice the Portalist (Minotaur Gladiator)          Turns: 97094, Time: 09:43:08

HP:   -7/251 (254)  AC: 47    Str: 30    XL:     27
MP:   0/36          EV: 15    Int: 16    God:    the Shining One [******]
Gold: 9215          SH:  0    Dex: 13    Spells: 14/46 levels left

rFire    + + +     SeeInvis .   b - +9 triple sword (holy)
rCold    + + .     Gourm    .   (shield currently unavailable)
rNeg     + + +     Faith    .   C - +9 scales of the Dragon King {rPois rF+ rC+ MR+}
rPois    +         Spirit   +   Q - -2 hat of the Alchemist {rElec rPois rF+ rC+ rN+ MR+ rMut rCorr}
rElec    +         Reflect  .   r - +2 cloak {+Inv}
rCorr    +         Harm     .   c - +2 pair of gloves {archery}
rMut     +                      Y - +2 pair of boots {run}
MR       ++++.                  V - amulet of guardian spirit
Stlth    ..........             P - ring "Hairib" {AC+4 Str+6}
HPRegen  0.51/turn              m - ring "Lyefilef" {Wiz rF+ Int+4}
MPRegen  0.25/turn

@: lethally poisoned (-7 -> -8), doom-hounded, starving, slowed, glowing, very
slow
A: retaliatory headbutt, horns 2, blurry vision 2, clever 1, clumsy 1, screaming
1, no potion heal 1, subdued magic 1
}: 13/15 runes: serpentine, barnacled, slimy, silver, iron, obsidian, icy,
abyssal, demonic, glowing, magical, fiery, dark
a: Divine Shield, Cleansing Flame, Summon Divine Warrior, Brand Weapon With Holy
Wrath, Renounce Religion, Evoke Invisibility


You were on level 7 of Tartarus.
You worshipped the Shining One.
The Shining One was exalted by your worship.
You were starving.

You visited 16 branches of the dungeon, and saw 80 of its levels.
You visited Pandemonium 1 time, and saw 13 of its levels.
You visited the Abyss 1 time.
You also visited: Trove and Wizlab.

You collected 11861 gold pieces.
You spent 2646 gold pieces at shops.

Inventory:

Hand Weapons
 a - the +6 great sword of Coajoff {holy, Str+4}
   (You took it off a merfolk siren on level 3 of the Shoals)

   It has been blessed by the Shining One to cause great damage to the undead
   and demons.
   It affects your strength (+4).
 b - a +9 triple sword of holy wrath (weapon)
   (You subdued it on level 2 of the Elven Halls)
Missiles
 N - 11 javelins of returning (quivered)
 W - 13 javelins of penetration
 Z - 7 throwing nets {!f}
Armour
 c - a +2 pair of gloves of archery (worn)
   (You found it on level 4 of the Shoals)
 r - a +2 cloak of invisibility (worn)
   (You found it on level 3 of the Lair of Beasts)
 t - a scarf of spirit shield
   (You found it on level 7 of Gehenna)
 C - the +9 scales of the Dragon King (worn) {rPois rF+ rC+ MR+}
   (You took it off a goblin on level 3 of the Dungeon)

   It protects you from fire.
   It protects you from cold.
   It protects you from poison.
   It affects your resistance to hostile enchantments.
 Q - the -2 hat of the Alchemist (worn) {rElec rPois rF+ rC+ rN+ MR+ rMut rCorr}
   (You found it on level 3 of the Elven Halls)

   It protects you from fire.
   It protects you from cold.
   It insulates you from electricity.
   It protects you from poison.
   It protects you from negative energy.
   It affects your resistance to hostile enchantments.
   It provides partial protection from all sources of acid and corrosion.
   It protects you from mutation.
 Y - a +2 pair of boots of running (worn)
   (You found it on level 2 of the Crypt)
Jewellery
 g - a +3 ring of slaying
 m - the ring "Lyefilef" (right hand) {Wiz rF+ Int+4}
   (You took it off a deep elf death mage on level 3 of the Elven Halls)

   [ring of wizardry]

   It improves your spell success rate.
   It affects your intelligence (+4).
   It protects you from fire.
 v - the ring of Shadows {Umbra +Inv Stlth+}
   (You found it on level 7 of Cocytus)

   [ring of stealth]

   It lets you turn invisible.
   It makes you more stealthy.
 P - the ring "Hairib" (left hand) {AC+4 Str+6}
   (You found it on level 15 of the Dungeon)

   [ring of protection]

   It affects your AC (+4).
   It affects your strength (+6).
 V - an amulet of guardian spirit (around neck)
Wands
 h - a wand of paralysis (54)
 p - a wand of iceblast (72)
 E - a wand of acid (50)
 I - a wand of scattershot (17)
 U - a wand of digging (17)
Scrolls
 d - 23 scrolls of teleportation {!r}
 e - 14 scrolls of identify
 f - 5 scrolls of holy word {!r}
 u - 37 scrolls of remove curse
 w - 8 scrolls of magic mapping {!r}
 x - 10 scrolls of blinking
 y - 7 scrolls of fog
 K - 11 scrolls of fear {!r}
 S - 2 scrolls of summoning {!r}
Potions
 i - 15 potions of curing
 j - 10 potions of brilliance {!q}
 k - 11 potions of flight
 l - 6 potions of might {!q}
 n - 5 potions of mutation {!q}
 q - 8 potions of haste {!q}
 z - 2 potions of berserk rage
 A - 14 potions of heal wounds {!q}
 D - 7 potions of magic {!q}
 J - 2 potions of resistance {!q}
 T - 10 potions of agility {!q}
Miscellaneous
 s - a phantom mirror
 F - 4 boxes of beasts
Comestibles
 R - 79 rations


   Skills:
 - Level 22.0 Fighting
 - Level 24.0 Long Blades
 - Level 16.6 Throwing
 - Level 22.0 Armour
 - Level 16.0 Dodging
 - Level 10.0 Spellcasting
 - Level 8.0 Hexes
 - Level 8.0 Charms
 - Level 9.0 Summonings
 + Level 26.7 Translocations
 - Level 11.0 Air Magic
 - Level 14.0 Invocations
 - Level 12.0 Evocations


You had 14 spell levels left.
You knew the following spells:

 Your Spells              Type           Power        Failure   Level  Hunger
a - Airstrike             Air            ####......   2%          4    ###....
b - Controlled Blink      Tloc           N/A          2%          8    #######
p - Portal Projectile     Hex/Tloc       #####.       1%          3    None
s - Summon Lightning Spi  Summ/Air       ####....     4%          4    ###....
w - Spectral Weapon       Hex/Chrm       ####....     2%          3    None
A - Apportation           Tloc           ######       0%          1    None
B - Summon Butterflies    Summ           ####....     1%          1    None
G - Passage of Golubria   Tloc           N/A          0%          4    ###....
J - Blink                 Tloc           N/A          0%          2    None
S - Swiftness             Chrm/Air       ####....     1%          2    None

Your spell library contained the following spells:

 Spells                   Type           Power        Failure   Level  Hunger
 Gell's Gravitas          Tloc           ######....   0%          3    None
 Lesser Beckoning         Tloc           ######....   0%          3    None
 Teleport Other           Tloc           ######..     0%          3    None
 Confusing Touch          Hex            ####..       1%          1    None
 Corona                   Hex            ####...      1%          1    None
 Infusion                 Chrm           ####         1%          1    None
 Summon Small Mammal      Summ           ####         1%          1    None
 Call Imp                 Summ           ####....     1%          2    None
 Shroud of Golubria       Chrm/Tloc      #####.....   1%          2    None
 Slow                     Hex            ####....     1%          2    None
 Song of Slaying          Chrm           ####....     1%          2    None
 Call Canine Familiar     Summ           ####....     1%          3    None
 Recall                   Summ/Tloc      N/A          1%          3    None
 Force Lance              Conj/Tloc      #####...     1%          4    ###....
 Summon Forest            Summ/Tloc      ######....   1%          5    #####..
 Dispersal                Tloc           ######....   1%          6    ######.
 Shock                    Conj/Air       ###.         2%          1    None
 Confuse                  Hex            ####....     2%          3    None
 Summon Guardian Golem    Hex/Summ       ####....     2%          3    None
 Tukima's Dance           Hex            ####....     2%          3    None
 Disjunction              Tloc           ######....   2%          8    #######
 Poisonous Vapours        Pois/Air       ###...       4%          2    None
 Ensorcelled Hibernation  Hex/Ice        ###...       8%          2    None
 Static Discharge         Conj/Air       ###.....     9%          3    None
 Cause Fear               Hex            ####......   10%         4    ###....
 Silence                  Hex/Air        ####......   14%         5    #####..
 Inner Flame              Hex/Fire       ###.....     16%         3    None
 Ozocubu's Armour         Chrm/Ice       ###.....     16%         3    None
 Regeneration             Chrm/Necr      ###.......   16%         3    None
 Mephitic Cloud           Conj/Pois/Air  ###.....     17%         3    None
 Aura of Abjuration       Summ           ####......   17%         5    #####..
 Summon Demon             Summ           ####......   17%         5    #####..
 Summon Mana Viper        Hex/Summ       ####....     22%         5    #####..
 Animate Skeleton         Necr           N/A          26%         1    None
 Beastly Appendage        Tmut           #.....       26%         1    None
 Flame Tongue             Conj/Fire      #....        26%         1    None
 Freeze                   Ice            #...         26%         1    None
 Magic Dart               Conj           #...         26%         1    None
 Pain                     Necr           #...         26%         1    None
 Sandblast                Erth           #.....       26%         1    None
 Corpse Rot               Necr           N/A          38%         2    None
 Passwall                 Tmut/Erth      #.......     38%         2    None
 Sublimation of Blood     Necr           #.........   38%         2    None
 Throw Flame              Conj/Fire      #.....       38%         2    None
 Throw Frost              Conj/Ice       #.....       38%         2    None
 Summon Ice Beast         Ice/Summ       ###.....     38%         4    ###....
 Leda's Liquefaction      Hex/Erth       ###.......   45%         4    ###....
 Conjure Flame            Conj/Fire      #.......     58%         3    None
 Ignite Poison            Fire/Tmut/Pois #.......     58%         3    None
 Spider Form              Tmut/Pois      #.........   58%         3    None
 Stone Arrow              Conj/Erth      #.....       58%         3    None
 Vampiric Draining        Necr           #.........   58%         3    None
 Lightning Bolt           Conj/Air       ###.......   58%         5    #####..
 Deflect Missiles         Chrm/Air       ####......   61%         6    ######.
 Shadow Creatures         Summ           N/A          67%         6    ######.
 Excruciating Wounds      Chrm/Necr      ###.......   78%         5    #####..
 Metabolic Englaciation   Hex/Ice        ###.......   78%         5    #####..
 Yara's Violent Unravell  Hex/Tmut       ###.......   78%         5    #####..
 Darkness                 Hex            ####......   82%         6    ######.
 Invisibility             Hex            ####....     82%         6    ######.
 Animate Dead             Necr           N/A          93%         4    ###....
 Ice Form                 Ice/Tmut       #.......     93%         4    ###....
 Olgreb's Toxic Radiance  Pois           #.......     93%         4    ###....
 Petrify                  Tmut/Erth      #.......     93%         4    ###....
 Sticky Flame             Conj/Fire      #.......     93%         4    ###....
 Throw Icicle             Conj/Ice       #.......     93%         4    ###....
 Conjure Ball Lightning   Conj/Air       ###.......   98%         6    ######.
 Agony                    Necr           #.......     99%         5    #####..
 Alistair's Intoxication  Tmut/Pois      #.......     99%         5    #####..
 Bolt of Draining         Conj/Necr      #.........   99%         5    #####..
 Bolt of Magma            Conj/Fire/Erth #.........   99%         5    #####..
 Borgnjor's Vile Clutch   Necr/Erth      #.........   99%         5    #####..
 Dispel Undead            Necr           #.......     99%         5    #####..
 Fireball                 Conj/Fire      #.........   99%         5    #####..
 Irradiate                Conj/Tmut      #.........   99%         5    #####..
 Lee's Rapid Deconstruct  Erth           #.........   99%         5    #####..
 Summon Hydra             Summ           ####......   99%         7    #######
 Bolt of Cold             Conj/Ice       #.........   100%        6    ######.
 Bolt of Fire             Conj/Fire      #.........   100%        6    ######.
 Death Channel            Necr           #.........   100%        6    ######.
 Freezing Cloud           Conj/Ice/Air   ###.......   100%        6    ######.
 Hydra Form               Tmut           #.........   100%        6    ######.
 Iron Shot                Conj/Erth      #.........   100%        6    ######.
 Ozocubu's Refrigeration  Ice            #.........   100%        6    ######.
 Simulacrum               Ice/Necr       #.........   100%        6    ######.
 Statue Form              Tmut/Erth      #........    100%        6    ######.
 Dragon Form              Tmut           #.........   100%        7    #######
 Ring of Flames           Chrm/Fire      ###.......   100%        7    #######
 Discord                  Hex            ####......   100%        8    #######
 Ignition                 Fire           #.........   100%        8    #######
 Shatter                  Erth           #.........   100%        9    #######
 Tornado                  Air            ####......   100%        9    #######


Dungeon Overview and Level Annotations

Branches:
Dungeon (15/15)            Temple (1/1) D:5            Lair (6/6) D:10
 Shoals (4/4) Lair:2        Snake (4/4) Lair:2        Slime (5/5) Lair:5
    Orc (2/2) D:12            Elf (3/3) Orc:2        Vaults (5/5) D:13
  Crypt (3/3) Vaults:3       Tomb (0/3) Crypt:3      Depths (5/5) D:15
   Hell (1/1)                 Dis (7/7) Hell            Geh (7/7) Hell
    Coc (7/7) Hell            Tar (7/7) Hell            Zot (0/5) Depths:5

Altars:
Ashenzari
Cheibriados
Dithmenos
Elyvilon
Fedhas
Gozag
Hepliaklqana
Kikubaaqudgha
Makhleb
Nemelex Xobeh
Okawaru
Qazlal
Ru
Sif Muna
Trog
Uskayaw
Vehumet
Wu Jian
Xom
Yredelemnul
Zin
The Shining One
Beogh
Jiyva
Lugonu

Shops:
D:10 :   D:15 *%:   Orc:1 %   Orc:2 [:=*   Elf:2 *   Elf:3 [*!=   Shoals:3 *
Vaults:3 :*}:   Vaults:4 [}[(   Depths:1 :   Depths:2 [!=   Depths:3 [

Portals:
Hell: Depths:1 Depths:2 Depths:3 Depths:4 Depths:5
Abyss: Depths:1 Depths:2 Depths:3 Depths:4
Pandemonium: Depths:1 Depths:3
Ziggurat: Depths:1

Annotations:
Depths:2 1 transporter
Geh:6 4 runed doors


Innate Abilities, Weirdness & Mutations

You reflexively headbutt those who attack you in melee.
You have a pair of horns on your head.
Scrolls take you longer to read.
Your mind is acute. (Int +2)
You are clumsy. (Dex -2)
You occasionally shout uncontrollably at your foes.
Potions are less effective at restoring your health.
Your spells are a little easier to cast, but a little less powerful.


Message History

* * * LOW HITPOINT WARNING * * *
The reaper hits you but does no damage. The doom hound bites you.
* * * LOW HITPOINT WARNING * * *
The doom hound claws you but does no damage.
The hungry ghost closely misses you.
A shadow demon comes into view.
Damage: 18 (max 58) Unknown command.
Unknown command.
Your attacks no longer feel as feeble.
You feel sick. The Tzitzimitl gestures at you.
The bolt of negative energy misses you. The reaper hits you but does no damage.
The doom hound closely misses you. x2
The Tzitzimitl calls on the powers of darkness!
Your body is wracked with pain!
* * * LOW HITPOINT WARNING * * *
Damage: 15 (max 58) Unknown command.
Unknown command.
You feel sick.
The shadow demon hits you but does no damage.
The reaper hits you from afar with a +3 scythe of venom!!
* * * LOW HITPOINT WARNING * * *
The reaper misses you.
A Tzitzimitl comes into view.
Damage: 20 (max 58) Unknown command.
You feel sick.
The reaper whispers, "Time's up, Gorice!"
The reaper hits you from afar with a +1 scythe of protection!!
The Shining One protects you from harm!
There is a gateway to Hell, spattered with blood here.
Damage: 1 (max 58) Unknown command.
Unknown command.
You feel sick.
The doom hound bites you but does no damage.
The doom hound claws you but does no damage.
The Tzitzimitl closely misses you.
You riposte.
You hit the Tzitzimitl.
The Tzitzimitl convulses!
Your headbutt misses the Tzitzimitl.
The Tzitzimitl is almost dead.
The Tzitzimitl barely misses you.
The Tzitzimitl engulfs you but does no damage.
The Tzitzimitl bites you but does no damage.
The reaper hits you from afar with a +4 scythe of venom!
* * * LOW HITPOINT WARNING * * *
The doom hound closely misses you. The doom hound barely misses you.
The reaper hits you from afar with a +1 scythe of protection!
You die...

#......##
#.......###
#.........####
#.............
#......)......
#.∩...........
#..22.........
#W112.........
#D@hZ2........
#.............
##############


You could see a bone dragon, a doom hound, 2 Tzitzimimeh, 3 reapers, a shadow
demon, a hungry ghost and a frost giant zombie.

Vanquished Creatures
  Asmodeus (Geh:7)
  the Royal Jelly (Slime:5)
  Lom Lobon (Pan)
  Mnoleg (Pan)
  the Serpent of Hell (Hell)
  Dispater (Dis:7)
  2 juggernauts
  An ancient lich (Vaults:5)
  Boris (Crypt:3)
  Sojobo (Crypt:1)
  16 shard shrikes
  Saint Roka (Depths:2)
  Frederick (Vaults:2)
  Xtahua (Crypt:3)
  13 caustic shrikes
  Geryon (Hell)
  Jory (Vaults:4)
  A profane servitor (Crypt:3)
  2 golden dragons
  8 bone dragons
  8 Tzitzimimeh
  30 Brimstone Fiends
  4 doom hounds
  4 iron giants
  A hellephant (Pan)
  5 Hell Sentinels
  7 tentacled monstrosities
  The ghost of kirsanium the Peltast, an adept DrFi of Okawaru (Shoals:4)
  14 liches
  2 titans
  14 Ice Fiends
  Polyphemus (Shoals:4)
  20 Executioners
  3 pandemonium lords (Pan)
  7 quicksilver dragons
  2 deep elf master archers (Elf:3)
  The ghost of Qorch the Phalangite, an adept MfBe of Trog (Shoals:2)
  A tentacled starspawn (Abyss:4)
  3 deep elf blademasters
  5 sphinxes
  12 acid blobs
  3 eldritch tentacles
  Kirke (Snake:1)
  10 ancient champions
  7 tengu reavers
  11 shadow dragons
  A daeva (Pan)
  3 revenants
  5 storm dragons
  8 nagarajas
  15 vault wardens
  5 deep elf sorcerers
  10 azure jellies
  A warmonger (Pan)
  12 frost giants
  3 curse skulls
  Louise (Snake:4)
  A draconian scorcher (Depths:5)
  A draconian shifter (Depths:5)
  4 deep elf elementalists
  15 fire giants
  8 iron dragons
  11 cacodemons
  An angel (Pan)
  23 balrugs
  20 war gargoyles
  48 reapers
  4 elemental wellsprings
  2 spriggan defenders (Depths:3)
  13 ironheart preservers
  3 ghouls
  23 very ugly things
  3 blood saints (Pan)
  18 stone giants
  3 draconian annihilators (Pan)
  3 entropy weavers
  10 deep elf demonologists
  A white draconian (Depths:5)
  3 corrupters (Pan)
  13 deep elf annihilators
  2 yellow draconians (Depths:5)
  5 vampire knights
  4 black suns (Pan)
  A green draconian (Depths:5)
  8 lorocyprocas (Pan)
  Azrael (Orc:2)
  6 spark wasps
  2 red draconians (Depths:5)
  A black draconian (Depths:5)
  2 crystal guardians
  15 ettins
  An eidolon (Crypt:2)
  16 deep elf death magi
  9 death oozes
  7 green deaths
  35 blizzard demons
  6 quicksilver dragon zombies
  19 jiangshi
  3 kraken zombies
  Josephine (Orc:2)
  30 yaktaur captains
  8 merfolk javelineers (Shoals:4)
  6 fire dragons
  4 deep elf high priests
  A great orb of eyes (shapeshifter) (Elf:2)
  11 merfolk impalers
  34 vault guards
  4 quicksilver dragon skeletons
  Erolcha (D:10)
  26 ogre magi
  8 rakshasas
  6 merfolk avatars
  26 ice dragons
  2 ghost crabs (WizLab)
  13 great orbs of eyes
  5 spriggan air magi
  2 alligator snapping turtles
  6 hydras
  2 monstrous demonspawn (Pan)
  12 anacondas
  8 naga warriors
  15 centaur warriors
  Erica (D:12)
  2 satyrs (Shoals:4)
  6 death knights
  2 orc high priests
  5 deep troll shamans
  3 death yaks (Shoals:4)
  6 merfolk aquamancers
  Urug (D:12)
  3 tengu warriors
  28 hell hogs
  61 two-headed ogres
  6 spriggan berserkers
  24 dancing weapons
  12 titan zombies
  4 storm dragon zombies
  11 naga sharpshooters
  7 vampire magi
  21 deep elf knights
  6 holy swine (Pan)
  6 deep troll earth magi
  2 spriggans (Depths:3)
  Sonja (D:10)
  7 shock serpents
  4 iron golems (Dis:7)
  A shock serpent (shapeshifter) (Vaults:5)
  32 sun demons
  18 soul eaters
  72 hell knights
  A ghost moth zombie (Dis:4)
  5 titan skeletons
  8 iron trolls
  12 sea snakes
  A spectral anaconda (Crypt:3)
  14 shadow wraiths
  11 sixfirhies (Pan)
  105 skeletal warriors
  A salamander mystic (Snake:3)
  4 unseen horrors
  A fire crab (shapeshifter) (Vaults:4)
  4 death drakes (WizLab)
  7 storm dragon skeletons
  5 infernal demonspawn (Pan)
  26 deep trolls
  7 shadow demons
  2 starcursed masses (Abyss:4)
  12 naga ritualists
  A quicksilver dragon simulacrum (Coc:2)
  10 wizards
  2 golden dragon zombies
  13 anaconda zombies
  An entropy weaver zombie (Crypt:1)
  3 torturous demonspawn (Pan)
  12 flayed ghosts
  A death drake (shapeshifter) (Depths:4)
  7 gelid demonspawn (Pan)
  An obsidian statue (Depths:2)
  9 ironbrand convokers
  A harpy (shapeshifter) (Vaults:3)
  8 deep elf archers
  52 deep elf magi
  A spatial maelstrom (Abyss:4)
  9 glowing orange brains
  8 shadow dragon zombies
  10 phantasmal warriors
  A golden dragon skeleton (Geh:2)
  8 anaconda skeletons
  6 wolf spider zombies
  10 fire giant zombies
  7 frost giant zombies
  16 harpies
  7 orc sorcerers
  4 shadow dragon skeletons
  23 orc knights
  A shining eye (Slime:2)
  4 iron dragon zombies
  31 large abominations
  5 stone giant zombies
  17 mana vipers
  20 necromancers
  9 fauns
  13 salamanders
  19 manticores
  15 cyclopes
  41 ugly things
  2 wolf spiders
  8 dire elephant zombies
  A cyclops (shapeshifter) (Vaults:4)
  6 elephants (Lair:6)
  A moth of wrath (shapeshifter) (Depths:1)
  3 centaur zombies
  6 guardian serpents
  3 iron dragon skeletons
  2 black mambas (shapeshifter)
  An eye of devastation (Slime:4)
  5 titan simulacra (Coc:7)
  An ice statue (Hell)
  Psyche (D:8)
  9 stone giant skeletons
  2 guardian serpents (shapeshifter)
  8 molten gargoyles
  An apocalypse crab (WizLab)
  14 vault sentinels
  4 frost giant skeletons
  6 water nymphs
  46 black mambas
  5 fire giant skeletons
  A gargoyle (D:13)
  8 merfolk sirens
  3 shock serpent zombies
  25 smoke demons
  26 rust devils
  10 spiny frogs
  17 orange demons
  An eye of devastation (shapeshifter) (Vaults:4)
  6 dire elephant skeletons
  3 emperor scorpion zombies
  15 naga magi
  15 centaur skeletons
  2 shock serpent skeletons
  3 yellow draconian zombies
  A black draconian zombie (Tar:6)
  2 kobold demonologists (D:11)
  9 komodo dragons
  A spiny frog (shapeshifter) (D:15)
  5 storm dragon simulacra
  55 hellions
  7 rime drakes
  78 yaktaurs
  8 demonic crawlers
  8 anaconda simulacra
  8 efreet
  16 hellwings
  19 hydra zombies
  40 ice devils
  42 freezing wraiths
  3 golden dragon simulacra
  2 ancient zymes (Abyss:4)
  4 harpy zombies
  38 tormentors
  11 wind drakes
  11 polar bears
  38 merfolk
  A queen bee (D:9)
  A jumping spider (Vaults:4)
  39 red devils
  A polar bear (shapeshifter) (Vaults:2)
  8 hornets
  2 meliai (shapeshifter) (D:15)
  8 tengu conjurers
  A wolf spider simulacrum (D:15)
  3 silent spectres
  12 trolls
  4 bog bodies (Coc:7)
  10 hydra skeletons
  8 ettin zombies
  56 slime creatures
  An iron dragon simulacrum (Coc:7)
  A raiju (Abyss:4)
  3 fire dragon zombies
  2 harpy skeletons
  8 ice dragon zombies
  11 dream sheep
  2 frost giant simulacra
  3 snapping turtles
  18 blink frogs
  11 hippogriffs
  Sigmund (D:6)
  15 alligator zombies
  5 redbacks
  13 air elementals
  A stone giant simulacrum (Coc:7)
  3 black mamba zombies
  26 shadows
  3 fire dragon skeletons
  14 ynoxinuls (Pan)
  22 water elementals
  6 alligator skeletons
  An ice dragon skeleton (Geh:6)
  A yak (shapeshifter) (D:11)
  119 flying skulls
  A basilisk (shapeshifter) (Depths:2)
  51 wraiths
  23 yaks
  2 vampires
  11 ettin skeletons
  A tarantella (Vaults:4)
  3 black mamba skeletons
  A wyvern (shapeshifter) (Vaults:5)
  A human (shapeshifter) (Depths:3)
  35 fire elementals
  10 golden eyes
  4 wyverns
  4 fire bats (Pan)
  20 chaos spawn
  An emperor scorpion simulacrum (Crypt:3)
  6 hungry ghosts
  11 neqoxecs (Pan)
  Grum (D:7)
  A vampire mosquito (D:15)
  A steam dragon (shapeshifter) (Depths:3)
  A gelid demonspawn zombie (Geh:4)
  A redback simulacrum (D:15)
  9 wargs
  2 merfolk zombies
  2 soldier ants
  7 hydra simulacra
  61 hell hounds
  4 acid dragons
  58 nagas
  9 spiny frog zombies
  Duvessa (D:4)
  A merfolk skeleton (Crypt:1)
  12 water moccasins
  6 floating eyes
  50 orc warriors
  9 porcupines
  3 spiny frog skeletons
  9 ice beasts
  A dream sheep zombie (Crypt:2)
  An ice beast (shapeshifter) (Vaults:3)
  6 phantoms
  A black bear (shapeshifter) (D:15)
  24 necrophages
  6 snapping turtle zombies
  An ettin simulacrum (Coc:2)
  4 sky beasts
  2 alligator simulacra
  57 ogres
  A hornet zombie (D:8)
  A swamp dragon zombie (Dis:4)
  14 centaurs
  18 boggarts
  A swamp dragon skeleton (Geh:7)
  2 wolves (D:7)
  A lindwurm skeleton (Crypt:2)
  2 manticore skeletons
  7 crocodiles
  3 snapping turtle skeletons
  Blork the orc (Orc:2)
  5 big kobolds
  3 elf zombies
  A merfolk simulacrum (Crypt:3)
  2 wyvern zombies
  A gnoll sergeant (Orc:2)
  2 ogre simulacra (Vaults:1)
  18 bullfrogs
  A spiny frog simulacrum (Coc:2)
  Dowan (D:4)
  4 earth elementals
  4 small abominations
  A spriggan zombie (Geh:6)
  24 killer bees
  57 wights
  2 human simulacra
  A spriggan skeleton (Crypt:2)
  2 troll skeletons
  7 electric eels
  3 howler monkeys (D:8)
  19 crimson imps
  A wyvern simulacrum (D:14)
  5 hounds
  2 quasits
  30 iron imps
  7 jellies
  3 bullfrog skeletons
  11 orc priests
  3 human zombies
  A human skeleton (Geh:5)
  3 iguanas
  16 orc wizards
  12 worker ants
  A naga zombie (Geh:3)
  2 tengu skeletons
  A big kobold skeleton (Crypt:1)
  2 ogre skeletons
  A hound zombie (D:10)
  2 hound skeletons
  7 mummies
  A howler monkey zombie (D:11)
  A worker ant zombie (D:8)
  13 adders
  5 shadow imps
  14 white imps
  An ufetubus (Abyss:4)
  5 oozes
  2 halfling zombies (Crypt:2)
  An adder zombie (D:8)
  A worm (shapeshifter) (Vaults:5)
  2 worms
  12 dart slugs
  5 leopard geckos
  112 orcs
  An orc (shapeshifter) (Depths:2)
  4 giant cockroaches
  6 goblins
  7 hobgoblins
  3 jackals (D:6)
  A quokka (shapeshifter) (Depths:3)
  4 quokkas
  4 ball pythons
  12 bats
  8 frilled lizards
  21 kobolds
  An orc zombie (Crypt:1)
  5 rats
  2 crawling corpses (Crypt:3)
  3 tentacles
4118 creatures vanquished.

Vanquished Creatures (collateral kills)
  Cerebov (Pan)
  Antaeus (Coc:7)
  Gloorx Vloq (Pan)
  Vashnia (Snake:2)
  A Tzitzimitl (Pan)
  A Brimstone Fiend (Pan)
  A Cloud Mage (WizLab)
  A Hell Sentinel (Dis:7)
  An eldritch tentacle (Pan)
  A quicksilver dragon (Dis:7)
  3 acid blobs (Slime:5)
  Agnes (Snake:1)
  2 Executioners (Pan)
  Donald (Crypt:1)
  A balrug (Pan)
  A cacodemon (Pan)
  A reaper (Pan)
  A blizzard demon (Coc:7)
  3 death oozes (Slime:5)
  A green death (Pan)
  2 merfolk impalers (Shoals:4)
  A rakshasa (Pan)
  A catoblepas (Shoals:4)
  An anaconda (Snake:2)
  A merfolk aquamancer (Shoals:4)
  A shock serpent (Snake:4)
  A hell knight (Depths:2)
  A sun demon (Pan)
  2 soul eaters (Pan)
  3 skeletal warriors (Crypt:1)
  A death drake (WizLab)
  A shadow demon (Pan)
  An iron troll (Dis:7)
  A sea snake (Shoals:4)
  A mana viper (Snake:1)
  A necromancer (Crypt:1)
  A manticore (Shoals:4)
  A black mamba (Snake:1)
  A molten gargoyle (Geh:7)
  An efreet (Pan)
  A freezing wraith (Crypt:1)
  3 hellwings (Pan)
  2 red devils (Pan)
  2 wraiths (Crypt:1)
  A shadow (Crypt:1)
  4 neqoxecs (Pan)
  A large abomination (Pan)
  2 nagas
  A spiny frog zombie (Crypt:1)
  An iron imp (Dis:7)
67 creatures vanquished.

Vanquished Creatures (others)
  A pandemonium lord (Pan)
  Nikola (Snake:4)
  A lich (Pan)
  3 eldritch tentacles
  An elemental wellspring (Coc:7)
  A deep elf death mage (Vaults:3)
  A spriggan air mage (WizLab)
  A naga warrior (Snake:4)
  A wizard (Pan)
  A death drake (WizLab)
  An orange demon (Pan)
  An apocalypse crab (WizLab)
  A smoke demon (Pan)
  A hellwing (Pan)
  A red devil (Geh:3)
  A wind drake (WizLab)
  An air elemental (WizLab)
  2 water elementals
  A wraith (Geh:7)
  5 nagas
  A black bear (shapeshifter) (Vaults:5)
  An orc warrior (Vaults:5)
  An ogre (Vaults:5)
  4 humans
  3 wights
  A crimson imp (Geh:7)
  A jelly (D:11)
  An iron imp (Dis:7)
  An adder (D:11)
  3 ball lightnings (Pan)
  An orc (D:12)
  2 crawling corpses (Elf:3)
  14 fungi
  16 plants
  2 spectral weapons
  16 tentacles
95 creatures vanquished.

Grand Total: 4280 creatures vanquished

Notes
Turn   | Place    | Note
-------+----------+-------------------------------------------
     0 | D:1      | Gorice the Minotaur Gladiator began the quest for the Orb.
     0 | D:1      | Reached XP level 1. HP: 18/18 MP: 0/0
   157 | D:1      | Reached skill level 4 in Long Blades
   320 | D:1      | Reached XP level 2. HP: 25/25 MP: 1/1
   696 | D:1      | Reached skill level 5 in Long Blades
   757 | D:1      | Reached XP level 3. HP: 29/30 MP: 2/2
  1409 | D:2      | Found a snail-covered altar of Cheibriados.
  1783 | D:3      | Reached XP level 4. HP: 37/37 MP: 3/3
  1795 | D:3      | Reached skill level 6 in Long Blades
  1849 | D:3      | Found an ancient bone altar of Kikubaaqudgha.
  1851 | D:3      | Noticed a human
  1852 | D:3      | Killed a human
  2152 | D:3      | --whoah - dragon king armour - now that's early game loot!
  2546 | D:4      | Reached XP level 5. HP: 42/42 MP: 4/4
  2573 | D:4      | Reached skill level 7 in Long Blades
  2604 | D:4      | Reached skill level 1 in Armour
  2774 | D:4      | Noticed Duvessa
  2774 | D:4      | Noticed Dowan
  2819 | D:4      | Killed Duvessa
  2819 | D:4      | Reached skill level 2 in Armour
  2819 | D:4      | Reached XP level 6. HP: 27/50 MP: 5/5
  2821 | D:5      | Entered Level 5 of the Dungeon
  2837 | D:5      | HP: 15/50 [iguana (5)]
  2838 | D:5      | Reached skill level 8 in Long Blades
  3098 | D:4      | Killed Dowan
  3098 | D:4      | Reached skill level 3 in Armour
  3336 | D:4      | Reached XP level 7. HP: 56/56 MP: 6/6
  3644 | D:4      | Reached skill level 9 in Long Blades
  3650 | D:4      | Reached skill level 4 in Armour
  4374 | D:5      | Found a staircase to the Ecumenical Temple.
  4390 | Temple   | Entered the Ecumenical Temple
  4569 | Temple   | Became a worshipper of the Shining One
  4841 | D:6      | Reached skill level 10 in Long Blades
  4999 | D:6      | Noticed Sigmund
  5010 | D:6      | Killed Sigmund
  5010 | D:6      | Reached skill level 5 in Armour
  5010 | D:6      | Reached XP level 8. HP: 62/62 MP: 7/7
  5395 | D:6      | Found a burning altar of Makhleb.
  5395 | D:6      | Noticed a blizzard demon
  5398 | D:6      | Noticed an orange demon
  5427 | D:6      | Reached skill level 11 in Long Blades
  5427 | D:6      | Reached skill level 6 in Armour
  5548 | D:7      | Found a sacrificial altar of Ru.
  5851 | D:7      | Reached skill level 7 in Armour
  5896 | D:7      | Reached skill level 12 in Long Blades
  5944 | D:7      | Noticed a hippogriff
  5960 | D:7      | Killed a hippogriff
  5960 | D:7      | Reached XP level 9. HP: 60/68 MP: 8/8
  6146 | D:7      | Found a hazy altar of Hepliaklqana.
  6148 | D:7      | Found an opulent altar of Gozag.
  6152 | D:7      | Found a bloodstained altar of Trog.
  6153 | D:7      | Found a stormy altar of Qazlal.
  6316 | D:8      | Noticed Grum
  6316 | D:8      | Reached * piety under the Shining One
  6484 | D:7      | Killed Grum
  6737 | D:8      | Reached skill level 13 in Long Blades
  6737 | D:8      | Reached skill level 8 in Armour
  6817 | D:8      | Noticed Psyche
  6823 | D:8      | Killed Psyche
  6873 | D:8      | Noticed a two-headed ogre
  6881 | D:8      | Killed a two-headed ogre
  6881 | D:8      | Reached skill level 14 in Long Blades
  6881 | D:8      | Reached skill level 9 in Armour
  6926 | D:8      | Reached XP level 10. HP: 56/74 MP: 9/9
  7513 | D:9      | Found an ornate altar of the Wu Jian Council.
  7920 | D:9      | Reached skill level 10 in Armour
  8043 | D:9      | Reached skill level 3 in Fighting
  8230 | D:9      | Reached skill level 4 in Fighting
  8582 | D:10     | Entered Level 10 of the Dungeon
  8582 | D:10     | Found a portal to a secret trove of treasure.
  8582 | D:10     | Reached ** piety under the Shining One
  8847 | D:9      | Reached skill level 5 in Fighting
  8888 | D:10     | Noticed Sonja
  9108 | D:10     | Reached skill level 11 in Armour
  9158 | D:10     | Noticed Erolcha
  9184 | D:10     | Killed Erolcha
  9184 | D:10     | Reached skill level 6 in Fighting
  9240 | D:10     | Found a staircase to the Lair.
  9247 | D:10     | Noticed a two-headed ogre
  9314 | D:10     | Found Ustoe's Book Emporium.
  9359 | D:10     | Killed a two-headed ogre
  9359 | D:10     | Reached skill level 7 in Fighting
  9359 | D:10     | Reached XP level 11. HP: 45/92 MP: 10/10
  9672 | D:10     | Found a shimmering altar of Xom.
  9775 | D:10     | Killed Sonja
  9775 | D:10     | Reached skill level 12 in Armour
  9775 | D:10     | Reached skill level 1 in Invocations
  9914 | Lair:1   | Entered Level 1 of the Lair of Beasts
  9914 | Lair:1   | Reached *** piety under the Shining One
  9946 | Lair:1   | Reached skill level 2 in Invocations
 10043 | Lair:1   | Reached skill level 8 in Fighting
 10438 | Lair:1   | Reached skill level 3 in Invocations
 11002 | Lair:1   | Reached skill level 9 in Fighting
 11059 | Lair:2   | Reached skill level 13 in Armour
 11198 | Lair:2   | Found a staircase to the Snake Pit.
 11269 | Lair:2   | Reached skill level 10 in Fighting
 11606 | Lair:2   | Found a staircase to the Shoals.
 11748 | Lair:3   | Reached XP level 12. HP: 88/107 MP: 13/13
 11882 | Lair:3   | Noticed a six-headed hydra
 12464 | Lair:3   | Reached skill level 14 in Armour
 12848 | Lair:3   | Identified a scroll of acquirement
 12899 | Lair:3   | Killed a three-headed hydra
 12899 | Lair:3   | Reached skill level 11 in Fighting
 12943 | Lair:4   | Reached skill level 15 in Long Blades
 13091 | Lair:4   | Noticed a four-headed hydra
 13099 | Lair:4   | Killed a two-headed hydra
 13706 | Lair:5   | Reached **** piety under the Shining One
 13734 | Lair:5   | Reached skill level 12 in Fighting
 13856 | Lair:5   | Found a staircase to the Slime Pits.
 14184 | Lair:5   | Found a viscous altar of Jiyva.
 14714 | Lair:6   | Entered Level 6 of the Lair of Beasts
 14780 | Lair:5   | Reached skill level 15 in Armour
 15028 | Lair:6   | Reached XP level 13. HP: 119/119 MP: 14/14
 15032 | Lair:6   | Reached skill level 16 in Long Blades
 15339 | Lair:6   | Reached skill level 13 in Fighting
 15353 | Lair:6   | HP: 32/122 [manticore/volley of spikes (12)]
 16187 | Lair:6   | Reached skill level 16 in Armour
 16616 | D:11     | Reached skill level 1 in Evocations
 16949 | D:11     | Reached ***** piety under the Shining One
 16958 | D:11     | Reached skill level 2 in Evocations
 16970 | D:11     | Reached skill level 14 in Fighting
 16982 | D:11     | Reached skill level 3 in Evocations
 17230 | D:12     | Reached skill level 4 in Evocations
 17423 | D:12     | Found a roughly hewn altar of Beogh.
 17423 | D:12     | Found a staircase to the Orcish Mines.
 17451 | D:12     | HP: 32/125 [orc knight/wand of acid (5) (11)]
 18061 | D:12     | Reached skill level 5 in Evocations
 18123 | D:12     | Reached skill level 15 in Fighting
 18283 | D:12     | Reached XP level 14. HP: 135/135 MP: 16/16
 18833 | Orc:1    | Entered Level 1 of the Orcish Mines
 19018 | D:12     | Reached skill level 6 in Evocations
 19080 | Orc:1    | Reached ****** piety under the Shining One
 19082 | Orc:1    | Noticed Urug
 19084 | Orc:1    | Noticed Erica
 19116 | D:12     | Killed Erica
 19134 | D:12     | Killed Urug
 19429 | Orc:1    | Found Mempoa's Food Emporium.
 19528 | Orc:2    | Entered Level 2 of the Orcish Mines
 19716 | Orc:1    | Noticed Josephine
 19722 | Orc:2    | Killed Josephine
 19738 | Orc:2    | Reached skill level 7 in Evocations
 19920 | Orc:2    | Reached skill level 16 in Fighting
 20013 | Orc:2    | Noticed Blork the orc
 20042 | Orc:2    | Killed Blork the orc
 20417 | Orc:2    | Reached skill level 4 in Invocations
 20449 | Orc:2    | Reached skill level 8 in Evocations
 20765 | Orc:2    | Reached skill level 5 in Invocations
 20834 | Orc:2    | Reached skill level 3 in Throwing
 20994 | Orc:2    | Found Heniopyludd's Antique Armour Shop.
 20996 | Orc:2    | Found Ithracab's Book Emporium.
 21010 | Orc:2    | Found Bom Hyhif's Jewellery Boutique.
 21011 | Orc:2    | Found Aphuozas's Assorted Antiques.
 21034 | Orc:2    | Reached skill level 6 in Invocations
 21163 | Orc:2    | Reached skill level 4 in Throwing
 21178 | Orc:2    | Bought a pair of faintly humming gloves for 266 gold pieces
 21183 | Orc:2    | Identified the +0 pair of gloves of Marbles {Int+4} (You
                  | bought it in a shop on level 2 of the Orcish Mines)
 21235 | Orc:2    | Noticed Azrael
 21272 | Orc:2    | Killed Azrael
 21475 | Orc:2    | Found a staircase to the Elven Halls.
 21670 | Orc:2    | Bought a smoking jade ring for 175 gold pieces
 21670 | Orc:2    | Bought an encrusted agate ring for 175 gold pieces
 21671 | Orc:2    | Identified the ring of Jiticopn {*Drain rElec rN+ MP+9}
                  | (You bought it in a shop on level 2 of the Orcish Mines)
 21681 | Orc:2    | Bought a cursed amulet of guardian spirit for 378 gold
                  | pieces
 22003 | D:12     | Reached skill level 5 in Throwing
 22068 | D:13     | Reached skill level 7 in Invocations
 22068 | D:13     | Reached XP level 15. HP: 132/144 MP: 18/20
 22607 | D:13     | Reached skill level 6 in Throwing
 22695 | D:13     | Reached skill level 8 in Invocations
 22811 | D:13     | Found a gate to the Vaults.
 23174 | D:14     | Upgraded the game from 0.23-a0-767-gdc19b93 to
                  | 0.23-a0-808-gd21de94
 23231 | D:14     | Reached skill level 7 in Throwing
 23849 | D:15     | Entered Level 15 of the Dungeon
 23893 | D:15     | Reached skill level 9 in Invocations
 23951 | D:15     | Found a staircase to the Depths.
 23969 | D:15     | Reached skill level 8 in Throwing
 24444 | D:15     | Reached skill level 10 in Invocations
 24459 | D:15     | Found Epicleoh's Book Emporium.
 24497 | D:15     | Reached skill level 9 in Throwing
 24706 | D:15     | Got a vibrating granite ring
 24708 | D:15     | Identified the cursed ring of Bib Woi {MR+ MP+9 EV-2
                  | Stlth+} (You found it on level 15 of the Dungeon)
 24789 | D:15     | Noticed a frost giant
 24798 | D:15     | Killed a frost giant
 25033 | D:15     | Reached skill level 9 in Evocations
 25038 | D:15     | Reached XP level 16. HP: 151/151 MP: 22/22
 25069 | D:15     | Reached skill level 10 in Throwing
 25160 | D:15     | Got a smoking steel ring
 25326 | D:15     | Found Menop's Assorted Antiques.
 25382 | D:15     | Found Oniotom's Food Emporium.
 25463 | D:15     | Got a wavering silver ring
 25749 | Orc:2    | Bought a scroll of identify for 70 gold pieces
 25749 | Orc:2    | Bought a scroll of identify for 70 gold pieces
 25749 | Orc:2    | Identified the ring of Descent {MP+9 Str+4 Dex+2 Stlth+}
                  | (You found it on level 15 of the Dungeon)
 25750 | Orc:2    | Identified the ring "Hairib" {AC+4 Str+6} (You found it on
                  | level 15 of the Dungeon)
 25898 | D:15     | Bought a scroll of identify for 66 gold pieces
 26042 | Snake:1  | Entered Level 1 of the Snake Pit
 26042 | Snake:1  | Noticed Kirke
 26075 | Snake:1  | Killed Kirke
 26483 | Snake:1  | Noticed Agnes
 26492 | Snake:1  | Killed Agnes
 26595 | Snake:1  | Reached skill level 17 in Armour
 26836 | Snake:1  | Found the cursed necklace of Bloodlust {*Rage +Rage MR++
                  | Int-3 Slay+6 *Curse}
 27014 | Snake:2  | Noticed Vashnia
 27045 | Snake:2  | Killed Vashnia
 27045 | Snake:2  | Reached skill level 17 in Long Blades
 29216 | Snake:3  | Reached skill level 18 in Armour
 29339 | Snake:3  | Reached XP level 17. HP: 158/158 MP: 23/23
 29391 | Snake:3  | Reached skill level 18 in Long Blades
 30607 | Snake:4  | Entered Level 4 of the Snake Pit
 30712 | Snake:4  | Noticed Louise
 30807 | Snake:4  | Killed Louise
 31922 | Snake:4  | Reached skill level 19 in Armour
 31997 | Snake:4  | Noticed Nikola
 32446 | Snake:4  | Killed Nikola
 32751 | Snake:4  | Reached skill level 19 in Long Blades
 34809 | Snake:4  | Reached skill level 20 in Armour
 35040 | Snake:4  | Got a serpentine rune of Zot
 35276 | Shoals:1 | Entered Level 1 of the Shoals
 35375 | Shoals:1 | Reached XP level 18. HP: 150/166 MP: 21/24
 35772 | Shoals:1 | Reached skill level 20 in Long Blades
 36535 | Shoals:2 | Reached skill level 10 in Evocations
 36851 | Shoals:2 | Found a runed gate.
 36851 | Shoals:2 | Found a runed gate.
 36851 | Shoals:2 | Found a runed gate.
 36864 | Shoals:2 | Noticed Qorch's ghost (adept MfBe)
 37515 | Shoals:3 | Reached skill level 21 in Armour
 37515 | Shoals:3 | Reached XP level 19. HP: 172/172 MP: 25/25
 37516 | Shoals:3 | Reached skill level 11 in Invocations
 37516 | Shoals:3 | Reached XP level 20. HP: 180/180 MP: 25/27
 37757 | Shoals:3 | Found Rall's General Store.
 38241 | Shoals:4 | Entered Level 4 of the Shoals
 38671 | Shoals:4 | Reached skill level 11 in Evocations
 39165 | Shoals:4 | Found a transporter.
 39180 | Shoals:4 | Noticed kirsanium's ghost (adept DrFi)
 39510 | Shoals:4 | Identified the +6 great sword of Coajoff {holy, Str+4}
 39828 | Shoals:4 | Found a transporter.
 39883 | Shoals:4 | Noticed Polyphemus
 39925 | Shoals:4 | Killed Polyphemus
 40017 | Shoals:4 | Reached skill level 22 in Armour
 40517 | Shoals:4 | Got a barnacled rune of Zot
 40714 | Shoals:4 | Reached skill level 12 in Evocations
 40844 | Shoals:4 | Killed kirsanium's ghost
 41081 | Shoals:2 | Killed Qorch's ghost
 41081 | Shoals:2 | Reached skill level 17 in Fighting
 41081 | Shoals:2 | Reached XP level 21. HP: 180/191 MP: 20/29
 41309 | Vaults:1 | Entered Level 1 of the Vaults
 41835 | Vaults:1 | Reached skill level 18 in Fighting
 42695 | Vaults:2 | Noticed Frederick
 42711 | Vaults:2 | Killed Frederick
 42711 | Vaults:2 | Reached skill level 12 in Invocations
 43395 | Vaults:2 | Reached skill level 19 in Fighting
 43654 | Vaults:2 | Found an ancient bone altar of Kikubaaqudgha.
 43693 | Vaults:2 | Reached skill level 13 in Invocations
 44427 | Vaults:3 | Found Apeptodgh's Book Emporium.
 44551 | Vaults:3 | Found a staircase to the Crypt.
 44551 | Vaults:3 | Found an ancient bone altar of Kikubaaqudgha.
 44552 | Vaults:3 | Found a basalt altar of Yredelemnul.
 44888 | Vaults:3 | Reached XP level 22. HP: 75/209 MP: 16/31
 44914 | Vaults:3 | HP: 62/209 [poisoned by a deep elf mage]
 44919 | Vaults:3 | HP: 55/209 [poisoned by a deep elf mage]
 44925 | Vaults:3 | HP: 55/209 [poisoned by a deep elf mage]
 44931 | Vaults:3 | HP: 55/209 [poisoned by a deep elf mage]
 44939 | Vaults:3 | HP: 57/209 [poisoned by a deep elf mage]
 45179 | Vaults:3 | Reached skill level 20 in Fighting
 45382 | Vaults:3 | Reached skill level 14 in Invocations
 45538 | Vaults:3 | Found Jywnayhin's Book Emporium.
 45567 | Vaults:3 | Reached skill level 4 in Dodging
 45734 | Vaults:3 | You fall through a shaft!
 45798 | Vaults:4 | Reached skill level 5 in Dodging
 45800 | Vaults:4 | Noticed Jory
 45810 | Vaults:4 | Killed Jory
 46149 | Vaults:3 | Found Mozet's Assorted Antiques.
 46155 | Vaults:3 | Bought a scroll labeled HIFUAJU DIKKA for 31 gold pieces
 46155 | Vaults:3 | Bought a potion of heal wounds for 155 gold pieces
 46169 | Vaults:3 | Reached skill level 6 in Dodging
 46467 | Vaults:3 | Found Hihisaokli's Gadget Emporium.
 47023 | Vaults:4 | Reached skill level 7 in Dodging
 47343 | Vaults:4 | Found Qobrial's Antique Weapon Shop.
 47523 | Vaults:4 | Reached skill level 21 in Fighting
 47528 | Vaults:4 | Reached skill level 8 in Dodging
 47613 | Vaults:4 | Found Ibroe's Antique Armour Shop.
 47639 | Vaults:4 | Found Gaos's Antique Armour Shop.
 47656 | Vaults:4 | Found Qotreino's Gadget Shop.
 48095 | Lair:1   | Upgraded the game from 0.23-a0-808-gd21de94 to
                  | 0.23-a0-814-g91b4073
 48284 | Crypt:1  | Entered Level 1 of the Crypt
 48427 | Crypt:1  | Reached skill level 9 in Dodging
 48544 | Crypt:1  | Noticed Sojobo
 48573 | Crypt:1  | Killed Sojobo
 48596 | Crypt:1  | Noticed Donald
 48600 | Crypt:1  | HP: 60/213 [Donald/+1 demon trident of flaming (18)]
 48913 | Crypt:1  | Killed Donald
 48913 | Crypt:1  | Reached skill level 10 in Dodging
 49422 | Crypt:2  | Reached skill level 22 in Fighting
 49439 | Crypt:2  | Found the +6 Majin-Bo {vamp, Archmagi MP+6 Int+6}
 49553 | Crypt:2  | Reached skill level 11 in Dodging
 49586 | Crypt:2  | Reached XP level 23. HP: 223/223 MP: 32/32
 49595 | Crypt:2  | Reached skill level 1 in Spellcasting
 49634 | Crypt:2  | Identified a +0 pair of boots of running (You found it on
                  | level 2 of the Crypt)
 50448 | Crypt:3  | Entered Level 3 of the Crypt
 50448 | Crypt:3  | Noticed Boris
 50452 | Crypt:3  | Killed Boris
 50452 | Crypt:3  | Reached skill level 2 in Spellcasting
 50612 | Crypt:3  | Reached skill level 3 in Spellcasting
 50723 | Crypt:3  | Reached skill level 12 in Dodging
 50772 | Crypt:3  | Found a basalt altar of Yredelemnul.
 50817 | Crypt:3  | Learned a level 1 spell: Apportation
 50820 | Crypt:3  | Learned a level 2 spell: Blink
 50825 | Crypt:3  | Learned a level 2 spell: Swiftness
 50881 | Crypt:3  | Reached skill level 4 in Spellcasting
 50990 | Crypt:3  | Found the +7 sceptre of Torment {pain, torment}
 50992 | Crypt:3  | Reached skill level 1 in Translocations
 51202 | Crypt:3  | Reached skill level 2 in Translocations
 51237 | Crypt:3  | Got a smoking garnet amulet
 51251 | Crypt:3  | Identified the amulet of Ru's Vengeance {Harm *Drain rPois
                  | MP+9 Str+2} (You found it on level 3 of the Crypt)
 51253 | Crypt:3  | Identified the +6 chain mail "Cuusuuv" {+Inv} (You found it
                  | on level 3 of the Crypt)
 51366 | Crypt:3  | Reached skill level 13 in Dodging
 51464 | Crypt:3  | Reached skill level 5 in Spellcasting
 51464 | Crypt:3  | Reached skill level 3 in Translocations
 51476 | Crypt:3  | Noticed Xtahua
 51489 | Crypt:3  | Killed Xtahua
 51760 | Crypt:3  | Found a staircase to the Tomb.
 52321 | Vaults:4 | Bought an embroidered cloak for 240 gold pieces
 52705 | Elf:1    | Entered Level 1 of the Elven Halls
 52820 | Elf:1    | Found a magical portal.
 52839 | WizLab   | Entered The Chambers of the Cloud Mage
 52948 | WizLab   | Reached skill level 4 in Translocations
 53787 | WizLab   | Identified the ring "Syarez" {rC+ MP+9 EV+1}
 53905 | WizLab   | Identified the Grimoire of Lightness
 54237 | Elf:1    | Reached skill level 6 in Spellcasting
 54307 | Elf:1    | Identified Woekoyco's Tome of Necromancy
 54801 | Elf:2    | Reached skill level 14 in Dodging
 54841 | Elf:2    | Found Misewer's General Store.
 54861 | Elf:2    | Bought a potion of heal wounds for 90 gold pieces
 54939 | Elf:2    | Reached skill level 5 in Translocations
 55081 | Elf:2    | Reached XP level 24. HP: 231/231 MP: 32/32
 55182 | Elf:2    | Found a runed gate.
 55182 | Elf:2    | Found a runed gate.
 55182 | Elf:2    | Found a runed gate.
 55373 | Elf:2    | Bought the ring of the Mage {Wiz MR++ Int+3} for 930 gold
                  | pieces
 55373 | Elf:2    | Found the ring of the Mage {Wiz MR++ Int+3}
 56377 | Elf:3    | Entered Level 3 of the Elven Halls
 56605 | Elf:3    | Found Diedulea's Distillery.
 56605 | Elf:3    | Found Dumuttug's Assorted Antiques.
 56607 | Elf:3    | Found Etaos's Armour Shoppe.
 56608 | Elf:3    | Found Ninymeux's Jewellery Emporium.
 56768 | Elf:3    | Found a radiant altar of Vehumet.
 57299 | Elf:3    | Reached skill level 6 in Translocations
 57301 | Elf:3    | Reached skill level 7 in Spellcasting
 57593 | Elf:3    | Identified the ring "Lyefilef" {Wiz rF+ Int+4}
 57918 | Elf:3    | Identified the +8 morningstar "Syvvut" {drain, Dex+4}
 58082 | Elf:3    | Identified the cursed +2 great sword "Kan Xao" {slice,
                  | rElec Int+2}
 58094 | Elf:3    | Reached skill level 15 in Dodging
 58533 | Elf:3    | Found the -2 hat of the Alchemist {rElec rPois rF+ rC+ rN+
                  | MR+ rMut rCorr}
 58553 | Elf:3    | --yay!
 58575 | Elf:3    | Identified the Reference Book on Feathers and Clay
 58612 | Elf:3    | Identified the Almanac of Parts Unknown
 58733 | Elf:3    | Upgraded the game from 0.23-a0-814-g91b4073 to
                  | 0.23-a0-819-g6debee6
 59159 | Depths:1 | Entered Level 1 of the Depths
 59289 | Depths:1 | Reached skill level 7 in Translocations
 59345 | Depths:1 | Found a corrupted altar of Lugonu.
 59345 | Depths:1 | Found a one-way gate to the infinite horrors of the Abyss.
 59359 | Depths:1 | Found a gateway to a ziggurat.
 59559 | Depths:1 | Reached skill level 8 in Spellcasting
 59655 | Depths:1 | Found Doexugor's Book Shop.
 59817 | Depths:1 | Found a gateway to Hell.
 59926 | Depths:1 | Found an iron altar of Okawaru.
 59984 | Depths:1 | Found a sparkling altar of Nemelex Xobeh.
 60062 | Depths:1 | Found a one-way gate leading to the halls of Pandemonium.
 60325 | Depths:2 | Found Hostrit's Jewellery Emporium.
 60442 | Depths:2 | Noticed Saint Roka
 60443 | Depths:2 | Noticed a juggernaut
 60482 | Depths:2 | Identified the +7 chain mail "Helead" {*Slow rPois rN+}
 60500 | Depths:2 | Killed Saint Roka
 60520 | Depths:2 | Reached skill level 16 in Dodging
 60645 | Depths:2 | Found Zokhle Ehusa's Antique Armour Boutique.
 60649 | Depths:2 | Found a transporter.
 60649 | Depths:2 | Found a transporter.
 60726 | Depths:2 | Found Wiuveosi's Distillery.
 60749 | Depths:2 | Reached skill level 8 in Translocations
 60778 | Depths:2 | Reached skill level 1 in Air Magic
 60782 | Depths:2 | Identified the ring "Ciust" {rF+ Str+7 Int+3}
 60871 | Depths:2 | Reached skill level 1 in Charms
 61194 | Depths:2 | Identified the +2 large shield of the Barnacle {+Inv Str+3}
 61197 | Depths:2 | HP: 67/231 [juggernaut (24)]
 61200 | Depths:2 | HP: 25/231 [sphinx (10)]
 61685 | Depths:3 | Reached XP level 25. HP: 192/238 MP: 29/34
 61714 | Depths:3 | Reached skill level 2 in Air Magic
 61732 | Depths:2 | HP: 70/238 [deep troll (5)]
 62093 | Depths:3 | Reached skill level 2 in Charms
 62250 | Depths:3 | Reached skill level 9 in Spellcasting
 62326 | Depths:3 | Found the amulet of the Air {Inacc +Fly rElec EV+5 RMsl}
 62352 | Depths:3 | Reached skill level 3 in Air Magic
 62383 | Depths:3 | Reached skill level 3 in Charms
 62452 | Depths:3 | Reached skill level 9 in Translocations
 62518 | Depths:3 | Reached skill level 4 in Air Magic
 62590 | Depths:3 | Identified the +9 spear "Ifogis" {drain, +Blink rN+ Int+3}
 62809 | Depths:3 | Found Ogil's Armour Emporium.
 63215 | Depths:3 | Identified the cursed ring "Qyjis" {rPois rN+ MR+ MP-9
                  | Str-3}
 63276 | Depths:3 | Learned a level 3 spell: Portal Projectile
 63281 | Depths:3 | Learned a level 4 spell: Passage of Golubria
 63379 | Depths:3 | Reached skill level 4 in Charms
 64065 | Depths:4 | Noticed a juggernaut
 64085 | Depths:4 | Killed a juggernaut
 64108 | Depths:4 | Reached skill level 1 in Hexes
 64113 | Depths:4 | Reached skill level 5 in Air Magic
 64117 | Depths:4 | Identified the +6 dagger "Fatin" {antimagic, Int+7}
 64253 | Depths:4 | Found a blossoming altar of Fedhas.
 64280 | Depths:4 | Reached skill level 2 in Hexes
 64525 | Depths:4 | Reached skill level 5 in Charms
 64677 | Depths:4 | --at last a demon blade - but it's only +0!
 64751 | Depths:4 | Reached skill level 10 in Spellcasting
 64898 | Depths:5 | Entered Level 5 of the Depths
 65073 | Depths:4 | Reached skill level 10 in Translocations
 65073 | Depths:4 | Reached XP level 26. HP: 129/246 MP: 19/36
 65310 | Depths:5 | Reached skill level 3 in Hexes
 65313 | Depths:5 | Reached skill level 6 in Air Magic
 65488 | Depths:5 | Learned a level 1 spell: Summon Butterflies
 65563 | Depths:4 | Reached skill level 1 in Summonings
 65936 | Depths:4 | Reached skill level 6 in Charms
 65936 | Depths:4 | Reached skill level 2 in Summonings
 65940 | Depths:4 | Reached skill level 4 in Hexes
 66665 | Depths:5 | Noticed a juggernaut
 66677 | Depths:5 | Killed a juggernaut
 66831 | Depths:5 | Reached skill level 3 in Summonings
 66831 | Depths:5 | Reached skill level 7 in Air Magic
 67004 | Depths:5 | Found a gate to the Realm of Zot.
 67470 | Lair:1   | Upgraded the game from 0.23-a0-819-g6debee6 to
                  | 0.23-a0-831-g5da158a
 67613 | Vaults:2 | Learned a level 4 spell: Airstrike
 67654 | Vaults:2 | Learned a level 3 spell: Spectral Weapon
 67758 | Vaults:5 | Entered Level 5 of the Vaults
 67910 | Vaults:4 | Reached skill level 5 in Hexes
 68039 | Vaults:5 | Reached skill level 4 in Summonings
 68228 | Vaults:5 | Noticed an ancient lich
 68230 | Vaults:5 | Reached skill level 7 in Charms
 68230 | Vaults:5 | Reached skill level 11 in Translocations
 68333 | Vaults:5 | Noticed an ancient lich
 68414 | Vaults:5 | HP: 67/246 [ancient lich/poison arrow (18)]
 68419 | Vaults:5 | HP: 60/246 [frost giant/bolt of cold (6)]
 68431 | Vaults:5 | HP: 43/246 [yaktaur captain/bolt (12)]
 68446 | Vaults:5 | HP: 40/246 [orc knight/+3 battleaxe (9)]
 68462 | Vaults:5 | HP: 45/246 [tentacled monstrosity (2)]
 69007 | Vaults:5 | Reached skill level 8 in Air Magic
 69128 | Vaults:5 | Reached XP level 27. HP: 254/254 MP: 36/36
 69218 | Vaults:5 | Reached skill level 5 in Summonings
 69404 | Vaults:5 | Identified the +7 shadow dragon scales "Nunkusei" {SInv
                  | Stlth++++}
 69431 | Vaults:5 | Reached skill level 6 in Hexes
 69539 | Vaults:5 | Killed an ancient lich
 69871 | Vaults:5 | Reached skill level 8 in Charms
 69902 | Vaults:5 | Reached skill level 6 in Summonings
 70222 | Vaults:5 | Reached skill level 9 in Air Magic
 70455 | Vaults:5 | Identified the ring "Gexym" {rElec rF+}
 70520 | Vaults:5 | Identified the +7 spear "Cafau" {drain, *Slow rF+ MR+++
                  | SInv}
 70553 | Vaults:5 | Reached skill level 7 in Hexes
 71087 | Lair:1   | Upgraded the game from 0.23-a0-831-g5da158a to
                  | 0.23-a0-837-ga3e6480
 71571 | Vaults:5 | Got a silver rune of Zot
 71866 | Lair:1   | Learned a level 4 spell: Summon Lightning Spire
 71943 | Slime:1  | Entered Level 1 of the Pits of Slime
 71969 | Slime:1  | Reached skill level 12 in Translocations
 72878 | Slime:5  | Entered Level 5 of the Pits of Slime
 72883 | Slime:5  | Reached skill level 7 in Summonings
 72911 | Slime:5  | Paralysed by a floating eye for 3 turns
 73070 | Slime:5  | Paralysed by a floating eye for 4 turns
 73118 | Slime:5  | Noticed the Royal Jelly
 73138 | Slime:5  | Found a viscous altar of Jiyva.
 73157 | Slime:5  | Reached skill level 11 in Throwing
 73177 | Slime:5  | Killed the Royal Jelly
 73205 | Slime:5  | HP: 74/252 [acid (2)]
 73628 | Slime:5  | Identified the Tome of Flames
 73637 | Slime:5  | Identified Ossadul's Grimoire of Feathery Black Magic
 73646 | Slime:5  | Identified Enoehog's Reference Book on Damaging Necromancy
 73701 | Slime:5  | Got a slimy rune of Zot
 73702 | Slime:5  | Identified the Incunabulum of Protection and Flight
 73781 | Slime:5  | Identified the cursed +1 chain mail of the Evening Star
                  | {rElec rPois rCorr Int-5 Dex+5} (You found it on level 5 of
                  | the Pits of Slime)
 73996 | D:10     | You paid a toll of a +6 demon blade to enter a treasure
                  | trove
 73997 | Trove    | Entered a treasure trove
 74020 | Trove    | Found the brooch of Shielding {Reflect SH+8}
 74022 | Trove    | Got a wavering ivory amulet
 74024 | Trove    | Got a twitching copper ring
 74026 | Trove    | Got a translucent pewter amulet
 74052 | Trove    | Got a jewelled great sword
 74054 | Trove    | Identified the +1 great sword of Beogh's Pride {slice,
                  | rPois rC- MR+} (You found it in a treasure trove)
 74055 | Trove    | Identified the amulet of the Country {Acrobat +Blink rN+
                  | MR- Str+3} (You found it in a treasure trove)
 74056 | Trove    | Identified the ring "Rorau" {-Tele rElec rPois rC++} (You
                  | found it in a treasure trove)
 74057 | Trove    | Identified the amulet of Afahom {RegenMP -Tele *Drain rElec
                  | MR+++} (You found it in a treasure trove)
 74058 | Trove    | Identified the +5 falchion "Ohiror" {slice, +Fly rF- rN+}
                  | (You found it in a treasure trove)
 74188 | Lair:1   | Upgraded the game from 0.23-a0-837-ga3e6480 to
                  | 0.23-a0-839-g6d2b917
 74195 | Lair:1   | Got a pair of ancient boots
 74196 | Lair:1   | Identified the +2 pair of boots of Polytheism {Dex+3 SInv}
                  | (You acquired it on level 1 of the Lair of Beasts)
 74366 | Pan      | Entered Pandemonium
 74784 | Pan      | Noticed Enisugie the pandemonium lord
 74793 | Pan      | Killed Enisugie the pandemonium lord
 75203 | Pan      | Noticed Roena the pandemonium lord
 75218 | Pan      | Reached skill level 12 in Throwing
 75220 | Pan      | Killed Roena the pandemonium lord
 75220 | Pan      | Reached skill level 10 in Air Magic
 75305 | Pan      | Reached skill level 8 in Hexes
 75708 | Pan      | Upgraded the game from 0.23-a0-839-g6d2b917 to
                  | 0.23-a0-844-gdc03e01
 75790 | Pan      | Reached skill level 8 in Summonings
 76169 | Pan      | Entered the realm of Gloorx Vloq.
 76331 | Pan      | Reached skill level 13 in Throwing
 76616 | Pan      | Noticed Gloorx Vloq
 76633 | Pan      | Killed Gloorx Vloq
 76633 | Pan      | Reached skill level 13 in Translocations
 76657 | Pan      | Got a dark rune of Zot
 76792 | Pan      | Reached skill level 14 in Throwing
 76813 | Pan      | Reached skill level 9 in Summonings
 77209 | Pan      | Entered the realm of Mnoleg.
 77216 | Pan      | Gained mutation: Your spells are a little easier to cast,
                  | but a little less powerful. [a cacodemon]
 77457 | Pan      | Paralysed by a floating eye for 3 turns
 77482 | Pan      | Gained mutation: Scrolls take you a little longer to read.
                  | [a cacodemon]
 77491 | Pan      | Reached skill level 11 in Air Magic
 77706 | Pan      | Noticed Mnoleg
 77707 | Pan      | Gained mutation: You are clumsy. (Dex -2) [a neqoxec]
 77728 | Pan      | Killed Mnoleg
 77728 | Pan      | Reached skill level 15 in Throwing
 77753 | Pan      | Got a glowing rune of Zot
 77995 | Pan      | Noticed Cuabobluk the pandemonium lord
 78080 | Pan      | Killed Cuabobluk the pandemonium lord
 78133 | Pan      | Identified the Guide on Twisted Venom
 78177 | Pan      | Reached skill level 16 in Throwing
 78274 | Pan      | Noticed Nialusyps the pandemonium lord
 78293 | Pan      | HP: 69/254 [hellion/damnation (17)]
 78293 | Pan      | Killed Nialusyps the pandemonium lord
 78303 | Pan      | HP: 63/254 [sun demon (11)]
 78975 | Pan      | Got a demonic rune of Zot
 78986 | Pan      | Identified the ring "Ingot" {*Contam rC++ Int+4 Dex+3} (You
                  | found it in Pandemonium)
 79150 | Pan      | Found a huge runed gate.
 79172 | Pan      | Reached skill level 14 in Translocations
 79218 | Pan      | Upgraded the game from 0.23-a0-844-gdc03e01 to
                  | 0.23-a0-860-g8ff03fb
 79635 | Pan      | Reached skill level 21 in Long Blades
 79900 | Pan      | Gained mutation: Scrolls take you longer to read. [a
                  | neqoxec]
 80032 | Pan      | Found a huge runed translucent gate.
 80049 | Pan      | Found a huge runed translucent gate.
 80053 | Pan      | Found a huge runed translucent gate.
 80054 | Pan      | Found a huge runed translucent gate.
 80054 | Pan      | Found a huge runed translucent gate.
 80483 | Pan      | Entered the realm of Lom Lobon.
 80488 | Pan      | Identified the Collected Works on Enchantment and Changing
 80734 | Pan      | Found an exit through the horrors of the Abyss.
 81419 | Pan      | Reached skill level 15 in Translocations
 81440 | Pan      | Noticed Lom Lobon
 81463 | Pan      | Killed Lom Lobon
 81463 | Pan      | Reached skill level 22 in Long Blades
 81496 | Pan      | Got a magical rune of Zot
 81779 | Pan      | Entered the realm of Cerebov.
 82387 | Pan      | Got a transparent silver ring
 82402 | Pan      | Identified the ring "Kucudosk" {Dex+4 Stlth+} (You found it
                  | in Pandemonium)
 82489 | Pan      | Identified Sokleel's Tome of the Mountains and Darkness
 82506 | Pan      | Identified the Catalogue of the Shifting Rocks
 82512 | Pan      | Identified the +4 pair of gloves "Tupp" {rElec rN+} (You
                  | found it in Pandemonium)
 82518 | Pan      | Identified the +6 sword of Cerebov {flame}
 82518 | Pan      | Noticed Cerebov
 82544 | Pan      | Killed Cerebov
 82568 | Pan      | Got a fiery rune of Zot
 82694 | Pan      | Found an exit through the horrors of the Abyss.
 82705 | Pan      | Took an exit into the Abyss.
 82705 | Abyss:1  | Escaped into the Abyss
 82890 | Abyss:4  | Found a corrupted altar of Lugonu.
 83004 | Abyss:4  | Found a corrupted altar of Lugonu.
 83008 | Abyss:4  | Reached skill level 23 in Long Blades
 83023 | Abyss:4  | Got an abyssal rune of Zot
 83087 | Depths:1 | Escaped the Abyss
 83415 | Hell     | Entered the Vestibule of Hell
 83415 | Hell     | Noticed Geryon
 83458 | Hell     | Killed Geryon
 83499 | Hell     | Reached skill level 16 in Translocations
 83584 | Hell     | Found a gateway to the Iron City of Dis.
 83708 | Hell     | Found a gateway to the freezing wastes of Cocytus.
 83865 | Hell     | Found a gateway to the decaying netherworld of Tartarus.
 83975 | Hell     | Found a gateway to the ashen valley of Gehenna.
 84146 | Dis:1    | Entered Level 1 of the Iron City of Dis
 84191 | Dis:2    | You fall through a shaft for 2 floors!
 84346 | Dis:4    | Reached skill level 24 in Long Blades
 84442 | Dis:4    | Reached skill level 17 in Translocations
 85071 | Dis:7    | Entered Level 7 of the Iron City of Dis
 85411 | Dis:7    | Reached skill level 18 in Translocations
 85978 | Dis:7    | HP: 56/252 [Hell Sentinel/damnation (31)]
 86301 | Dis:7    | Identified the ring "Yquoptyt" {rPois rN+}
 86344 | Dis:7    | Reached skill level 19 in Translocations
 86755 | Dis:7    | Identified the +4 staff of Dispater
 86755 | Dis:7    | Identified the +2 robe "Vouwkypp" {rPois rF+}
 86755 | Dis:7    | Noticed Dispater
 86786 | Dis:7    | Killed Dispater
 86826 | Dis:7    | Got an iron rune of Zot
 86827 | Dis:7    | Identified the Reference Book on Enthralling Weightlessness
 87040 | Geh:1    | Entered Level 1 of Gehenna
 87310 | Geh:2    | Reached skill level 20 in Translocations
 87887 | Geh:5    | Upgraded the game from 0.23-a0-860-g8ff03fb to
                  | 0.23-a0-890-gc183402
 87905 | Geh:5    | HP: 70/252 [hellion/damnation (26)]
 87920 | Geh:5    | HP: 74/252 [Brimstone Fiend[the effects of Hell] (3)]
 88167 | Geh:5    | Reached skill level 21 in Translocations
 88698 | Geh:6    | Found a huge runed gate.
 88698 | Geh:6    | Found a huge runed gate.
 88698 | Geh:6    | Found a huge runed gate.
 88698 | Geh:6    | Found a huge runed gate.
 88827 | Geh:7    | Entered Level 7 of Gehenna
 88880 | Geh:7    | Noticed the Serpent of Hell
 88901 | Hell     | Killed the Serpent of Hell
 89311 | Geh:4    | Reached skill level 22 in Translocations
 89704 | Geh:7    | HP: 70/252 [??? (29)]
 90073 | Geh:1    | Learned a level 8 spell: Controlled Blink
 90946 | Geh:7    | Identified the +7 sceptre of Asmodeus
 90946 | Geh:7    | Noticed Asmodeus
 90952 | Geh:7    | Identified the +7 mace "Cacepsydo" {drain, *Noise rPois
                  | Str+2}
 90970 | Geh:7    | Killed Asmodeus
 90970 | Geh:7    | Reached skill level 23 in Translocations
 90981 | Geh:7    | Got an obsidian rune of Zot
 91130 | Hell     | Upgraded the game from 0.23-a0-890-gc183402 to
                  | 0.24-a0-7-g1bb0902
 91294 | Coc:1    | Entered Level 1 of Cocytus
 91672 | Coc:2    | Gained mutation: You occasionally shout uncontrollably at
                  | your foes. [mutagenic glow]
 91728 | Coc:2    | Gained mutation: Potions are less effective at restoring
                  | your health. [mutagenic glow]
 91786 | Coc:2    | Gained mutation: Your mind is acute. (Int +2) [mutagenic
                  | glow]
 92368 | Coc:4    | Upgraded the game from 0.24-a0-7-g1bb0902 to
                  | 0.24-a0-10-gb84795d
 92641 | Coc:6    | Reached skill level 24 in Translocations
 92733 | Coc:7    | Entered Level 7 of Cocytus
 92761 | Coc:7    | HP: 70/253 [ice dragon/blast of cold (7)]
 92767 | Coc:7    | HP: 37/253 [titan zombie (11)]
 92889 | Coc:7    | HP: 65/253 [shard shrike[the effects of Hell] (13)]
 92895 | Hell     | HP: 73/253 [shard shrike[the effects of Hell] (1)]
 92899 | Hell     | HP: 33/253 [shard shrike[the effects of Hell] (11)]
 93519 | Coc:4    | HP: 64/253 [shard shrike (15)]
 93519 | Coc:4    | HP: 22/253 [shard shrike (12)]
 94330 | Coc:7    | Reached skill level 25 in Translocations
 94517 | Coc:7    | Upgraded the game from 0.24-a0-10-gb84795d to
                  | 0.24-a0-22-g2a401c0
 94871 | Coc:7    | Noticed Antaeus
 94880 | Coc:7    | HP: 68/254 [Antaeus (15)]
 94890 | Coc:7    | HP: 49/254 [Antaeus/flash freeze (17)]
 94937 | Coc:7    | HP: 39/254 [???[the effects of Hell] (12)]
 94975 | Coc:7    | HP: 47/254 [something (11)]
 95836 | Coc:7    | Killed Antaeus
 95836 | Coc:7    | Reached skill level 26 in Translocations
 95839 | Coc:7    | HP: 74/251 [blizzard demon/bolt of lightning (3)]
 95857 | Coc:7    | Found the ring of Shadows {Umbra +Inv Stlth+}
 95863 | Coc:7    | Got an icy rune of Zot
 95942 | Coc:7    | Identified the +1 short sword of Glory {pain, rPois Dex+5
                  | SInv Stlth+}
 96246 | Tar:1    | Entered Level 1 of Tartarus
 96304 | Tar:1    | HP: 74/250 [titan zombie[the effects of Hell] (20)]
 96726 | Tar:4    | You fall through a shaft for 2 floors!
 97063 | Tar:7    | Entered Level 7 of Tartarus
 97088 | Tar:7    | HP: 72/251 [doom hound (19)]
 97092 | Tar:7    | HP: 21/251 [reaper/+3 scythe of venom (20)]
 97093 | Tar:7    | The Shining One protects you from harm!
 97094 | Tar:7    | HP: 9/251 [reaper/+4 scythe of venom (11)]
 97094 | Tar:7    | Mangled by a reaper

Vault maps used:
D:1:      evilmike_arrival_rings, serial_aquarium, aquarium_bridge_straight,
          aquarium_window_fake, aquarium_window_3, aquarium_window_fake,
          aquarium_window_corner, aquarium_view_2d, aquarium_view_2d,
          aquarium_balcony_1a, minmay_misc_feat_secret_circle,
          minmay_close_crescents
D:2:      cheibriados_altar_1
D:3:      minmay_octagon_keep, first_ration, tgw_kikubaaqudgha
D:4:      kennysheep_slugbush, dk_noncrumbling_3, hex_intersection, uniq_duvessa
D:5:      minmay_temple_entry_tees
D:6:      makhleb_altar_promises_db, uniq_sigmund
D:7:      minitemple, nicolae_overflow_crystal_walls
D:8:      uniq_grum, uniq_psyche
D:9:      lemuel_crystal_altar, david_nohive_1, chequers_serial_rivers_small_b
D:10:     lair_entry_dummy, basic_altar, serial_shops, shop, enter_trove_2,
          uniq_sonja, uniq_erolcha
D:11:     wad_scary_box
D:12:     david_orc_5
D:13:     grunt_vaults_entry_fortified
D:15:     hangedman_spin_cycle
Temple:   eino_temple_scatter_basement
Lair:1:   lemuel_fruit_fields, serial_bayou_shore_b
Lair:2:   minmay_shoals_entry_beasts, guppyfry_snake_entry_island
Lair:5:   slime_altar_1, minivault_27, serial_bayou_shore_b,
          serial_bayou_shore_a
Lair:6:   gammafunk_lair_ancient_temple, grunt_forest_stairs_basic,
          cheibrodos_lair_lostbears
Shoals:2: ebering_ghost_rock_garden
Shoals:3: serial_shops, shop_statue
Shoals:4: shoals_end_simple, gammafunk_ghost_arena, uniq_polyphemus
Snake:1:  nrook_guardian_serpent_ordinary, uniq_kirke, uniq_agnes
Snake:2:  uniq_vashnia
Snake:4:  minmay_snake_end_coiled, uniq_nikola, uniq_louise
Slime:1:  cheibrodos_slime_lost_civilization_5
Orc:1:    serial_shops, nicolae_shop_crystal, uniq_josephine, uniq_erica,
          uniq_urug
Orc:2:    st_orc_open, sword_in_stone, uniq_azrael
Elf:1:    mu_enter_wizlab_1, minmay_elf_necromancy, minmay_misc_feat_five
Elf:2:    serial_shops, shop
Elf:3:    grunt_elf_hall_asides, david_defended_altar_elf, minmay_shoptagon
Vaults:1: hangedman_vaults_variations, nicolae_vaults_little_squares_5,
          hangedman_vaults_locks, grunt_vaults_hallway_long,
          nicolae_vaults_quartermaster, nicolae_vaults_theta, v_alt_pattern_1,
          v_pattern_3
Vaults:2: grunt_vaults_trifunnel, ontoclasm_vaults_ring_small,
          nicolae_vaults_triangles, nicolae_vaults_network_square,
          vaults_room_hangedman_quadrants, nicolae_vaults_network_barrier,
          grunt_vaults_funnel, v_misc_32, vaults_room_door_ring, v_misc_17,
          vaults_dpeg_encased_lava, basic_altar, uniq_frederick
Vaults:3: st_spiral_rooms, nicolae_vaults_little_squares_4,
          ontoclasm_vaults_ligature, vaults_standard_mumra_lines,
          minmay_crypt_entry_necro_gods, ontoclasm_vaults_fault,
          nicolae_vaults_asterisk, vaults_room_hallway, v_misc_5,
          vaults_room_corners, v_rooms_2, vaults_room_octagon, v_misc_27,
          serial_shops, nicolae_shop_overgrown_old_shop,
          nicolae_shop_behind_doors, shop, shop
Vaults:4: nicolae_vaults_little_squares_2,
          nicolae_vaults_windows_and_doors_thing,
          hangedman_vaults_hard_town_square,
          hangedman_vaults_stretched_pinwheel, nicolae_vaults_little_squares_2,
          hangedman_vaults_restitches, v_alt_pattern_3,
          nicolae_vaults_three_branches, ontoclasm_vaults_spin, serial_shops,
          nicolae_shop_behind_doors, uniq_jory
Vaults:5: serial_shops
Crypt:1:  uniq_sojobo, uniq_donald
Crypt:2:  minmay_guarded_unrand_majin_bo
Crypt:3:  grunt_crypt_end_deaths_head, uniq_xtahua, uniq_boris
Depths:1: enter_ziggurat_c, serial_shops, nicolae_shop_waterfront,
          abyss_entry_flame_altar, pan_entry, okawaru_ov_weapons_minmay,
          hell_entry, nemelex_xobeh_ov_fountains_minmay
Depths:2: gammafunk_sealed_arena, hellmouth_3, abyss_entry_small_statue_room,
          chequers_serial_rivers_micro_d, serial_shops, nicolae_shop_crystal,
          nicolae_shop_crystal, shop, uniq_saint_roka
Depths:3: minmay_heptahexagon, abyss_entry, pan_entry, serial_shops,
          nicolae_shop_stone, hell_entry, hangedman_abyss_or_decor_clamps,
          minmay_statues_item
Depths:4: minmay_the_grid_triangle_9x9_recursive_2_mashed, hell_entry,
          abyss_entry_crystal
Depths:5: grunt_crosshair, eino_curves_02, hell_entry
Dis:2:    lemuel_elevator
Dis:4:    hangedman_dis_decor_blocks_talon, evilmike_ambush
Dis:7:    dis_grunt_layers
Geh:5:    nicolae_geh_single_fiery_grave, hangedman_elemental_corridor
Geh:6:    door_vault
Geh:7:    geh_grunt_pentagon
Coc:7:    coc_hangedman
Tar:2:    nicolae_tar_cuneiform_oil, lemuel_nasty_fountain
Tar:3:    nicolae_tar_fractal_crypt, grunt_megastairs_2
Tar:7:    tar_mu
Abyss:3:  evilmike_abyss_exit_vortex
Abyss:4:  hangedman_steaming_rock, evilmike_abyss_rune_ettins
Pan:      nicolae_pan_glass_arcs, rand_demon_1, pan_blood_fountain_2,
          evilmike_gloorx_vloq_box, pan_blood_fountain,
          pan_blood_fountain_small, mnoleg, pan_blood_fountain,
          evilmike_mini_pan_other_thingy, lemuel_hellion_island, pan_surprise,
          nicolae_pan_giant_door, evilmike_mini_pan_doors_b, special_room,
          pan_blood_fountain_2, nicolae_pan_sigil_eeng, grunt_pan_pentagram,
          nicolae_pan_giant_door, nicolae_pan_gloorx_vloqian_1,
          pan_captured_pigsty, evilmike_mini_pan_rooms, pan_blood_fountain_2,
          reaverb_pan_squares, lom_lobon, cerebov
Trove:    trove_garden
WizLab:   wizlab_cloud

Skill      XL: |  1  2  3  4  5  6  7  8  9 10 11 12 13 14 15 16 17 18 19 20 21 22 23 24 25 26 27 |
---------------+----------------------------------------------------------------------------------+-----
Long Blades    | 4 5 6 7 8 10 12 14 15 16 17 19 20 24 | 24.0
Armour         | 2 3 5 7 9 11 13 15 16 18 20 21 22 | 22.0
Fighting       | 7 10 12 15 16 17 19 22 | 22.0
Invocations    | 3 7 10 11 13 14 | 14.0
Evocations     | 5 8 9 10 12 | 12.0
Throwing       | 5 9 10 16 | 16.6
Dodging        | 11 14 16 | 16.0
Spellcasting   | 6 8 10 | 10.0
Translocations | 5 8 10 11 26 | 26.7
Air Magic      | 1 5 8 11 | 11.0
Charms         | 1 5 7 8 |  8.0
Hexes          | 2 5 8 |  8.0
Summonings     | 4 9 |  9.0

Action                   |  1- 3 |  4- 6 |  7- 9 | 10-12 | 13-15 | 16-18 | 19-21 | 22-24 | 25-27 || total
-------------------------+-------+-------+-------+-------+-------+-------+-------+-------+-------++-------
Melee: Long sword        |    79 |   187 |   256 |   497 |       |       |       |       |       ||  1019
       Headbutt          |    11 |    22 |    50 |   135 |   312 |   250 |   301 |   530 |  2041 ||  3652
       Scimitar          |       |       |       |    44 |       |       |       |       |       ||    44
       Double sword      |       |       |       |   154 |  1202 |    50 |       |       |       ||  1406
       Great sword       |       |       |       |       |       |   883 |   899 |  1707 |  5150 ||  8639
       Triple sword      |       |       |       |       |       |       |       |       |   713 ||   713
 Fire: Blowgun           |       |       |       |       |       |     1 |       |       |       ||     1
Throw: Throwing net      |       |     3 |     3 |     6 |     1 |       |       |       |       ||    13
       Tomahawk          |       |       |    16 |    33 |    19 |    35 |     1 |       |       ||   104
       Stone             |       |       |       |     3 |       |       |       |       |       ||     3
       Javelin           |       |       |       |       |       |       |       |    29 |   145 ||   174
 Cast: Blink             |       |       |       |       |       |       |       |    14 |    12 ||    26
       Apportation       |       |       |       |       |       |       |       |     1 |    21 ||    22
       Portal Projectile |       |       |       |       |       |       |       |       |     3 ||     3
       Airstrike         |       |       |       |       |       |       |       |       |    24 ||    24
       Summon Lightning  |       |       |       |       |       |       |       |       |     5 ||     5
       Spectral Weapon   |       |       |       |       |       |       |       |       |     2 ||     2
       Summon Butterflie |       |       |       |       |       |       |       |       |     1 ||     1
Invok: Summon Divine War |       |       |       |       |       |     5 |     3 |     4 |    28 ||    40
Evoke: Wand              |       |       |     2 |     8 |    10 |     6 |     3 |       |     2 ||    31
       Phantom mirror    |       |       |       |       |       |       |       |       |     1 ||     1
  Use: Scroll            |     9 |     4 |     7 |    10 |     5 |     6 |     3 |    10 |    36 ||    90
       Potion            |       |     1 |     1 |       |     2 |     1 |     3 |     4 |    24 ||    36
 Stab: Sleeping          |     1 |       |       |       |       |       |       |       |       ||     1
       Invisible         |       |     2 |       |       |       |       |       |       |       ||     2
  Eat: Chunk             |     3 |     5 |    11 |    27 |    39 |    31 |    25 |    42 |    65 ||   248
       Ration            |       |       |       |     1 |       |     3 |       |     4 |    18 ||    26
Armor: Leather armour    |    13 |    11 |       |       |       |       |       |       |       ||    24
       Gold dragon scale |       |   112 |   213 |   603 |  1010 |   826 |   591 |   996 |  5005 ||  9356
Dodge: Dodged            |    56 |    57 |    45 |   148 |   337 |   367 |   292 |   840 |  4234 ||  6376
       Deflected         |       |       |       |     4 |       |    72 |    68 |    45 |       ||   189
Block: Other             |       |       |       |     3 |    73 |       |       |       |       ||    76
       Reflection        |       |       |       |       |     3 |       |       |       |       ||     3
       Rpst.: Long sword |    14 |    15 |    14 |    28 |       |       |       |       |       ||    71
       Double sword      |       |       |       |     4 |    68 |     2 |       |       |       ||    74
       Scimitar          |       |       |       |     3 |       |       |       |       |       ||     3
       Great sword       |       |       |       |       |       |    91 |    58 |   174 |   682 ||  1005
       Triple sword      |       |       |       |       |       |       |       |       |   113 ||   113

Table legend:
 A = Non-vault XP
 B = Vault XP
 C = Vault XP percentage of total XP
 D = Non-vault monster count
 E = Vault monster count
 F = Vault count percentage of total count
                 A         B        C        D         E       F
            +---------+---------+-------+---------+---------+-------
      Total | 1604599 | 1265656 |  44.1 |    2814 |    1354 |  32.5
            +---------+---------+-------+---------+---------+-------
        D:1 |      39 |       4 |   9.3 |      22 |       4 |  15.4
        D:2 |      45 |       0 |   0.0 |      12 |       0 |   0.0
        D:3 |      57 |      39 |  40.6 |      19 |      11 |  36.7
        D:4 |     369 |     264 |  41.7 |      19 |      11 |  36.7
        D:5 |     368 |       0 |   0.0 |      15 |       0 |   0.0
        D:6 |     705 |     242 |  25.6 |      19 |       1 |   5.0
        D:7 |    1380 |     416 |  23.2 |      25 |       3 |  10.7
        D:8 |    2294 |     524 |  18.6 |      23 |       2 |   8.0
        D:9 |    1026 |    1117 |  52.1 |      15 |      14 |  48.3
       D:10 |    2519 |    1830 |  42.1 |      18 |       2 |  10.0
       D:11 |    1909 |    3756 |  66.3 |      21 |       7 |  25.0
       D:12 |   14359 |    3755 |  20.7 |      66 |      25 |  27.5
       D:13 |    8070 |    7902 |  49.5 |      43 |      10 |  18.9
       D:14 |    4790 |       0 |   0.0 |      24 |       0 |   0.0
       D:15 |       0 |   44470 | 100.0 |       0 |      78 | 100.0
     Lair:1 |    4453 |       0 |   0.0 |      18 |       0 |   0.0
     Lair:2 |    5562 |     939 |  14.4 |      16 |       3 |  15.8
     Lair:3 |    3746 |       0 |   0.0 |      13 |       0 |   0.0
     Lair:4 |    4331 |       0 |   0.0 |      19 |       0 |   0.0
     Lair:5 |    5824 |    1139 |  16.4 |      24 |       4 |  14.3
     Lair:6 |    3296 |    8788 |  72.7 |      12 |      26 |  68.4
   Shoals:1 |   13190 |       0 |   0.0 |      28 |       0 |   0.0
   Shoals:2 |   17711 |    2339 |  11.7 |      35 |       1 |   2.8
   Shoals:3 |   12505 |    2423 |  16.2 |      30 |       4 |  11.8
   Shoals:4 |   16671 |   36596 |  68.7 |      37 |      48 |  56.5
    Snake:1 |    8261 |    4213 |  33.8 |      20 |       4 |  16.7
    Snake:2 |   21077 |    6739 |  24.2 |      34 |       5 |  12.8
    Snake:3 |   17942 |       0 |   0.0 |      38 |       0 |   0.0
    Snake:4 |   33806 |   27644 |  45.0 |      69 |      45 |  39.5
    Slime:1 |   11843 |       0 |   0.0 |      16 |       0 |   0.0
    Slime:2 |    3133 |       0 |   0.0 |       6 |       0 |   0.0
    Slime:3 |    6940 |       0 |   0.0 |       3 |       0 |   0.0
    Slime:4 |    7642 |       0 |   0.0 |      13 |       0 |   0.0
    Slime:5 |    9317 |   20554 |  68.8 |      10 |       9 |  47.4
      Orc:1 |    3521 |       0 |   0.0 |      20 |       0 |   0.0
      Orc:2 |    3504 |   22560 |  86.6 |      26 |      56 |  68.3
      Elf:1 |   13873 |    3097 |  18.2 |      27 |       7 |  20.6
      Elf:2 |   10898 |   22523 |  67.4 |      18 |      27 |  60.0
      Elf:3 |   14701 |   44230 |  75.1 |      22 |      32 |  59.3
   Vaults:1 |   20646 |   23107 |  52.8 |      43 |      39 |  47.6
   Vaults:2 |   16221 |   26099 |  61.7 |      25 |      33 |  56.9
   Vaults:3 |   30107 |   34325 |  53.3 |      58 |      37 |  38.9
   Vaults:4 |   35944 |   43613 |  54.8 |      61 |      42 |  40.8
   Vaults:5 |   40247 |  115781 |  74.2 |      70 |      73 |  51.0
    Crypt:1 |   26995 |   10949 |  28.9 |      47 |       4 |   7.8
    Crypt:2 |   19620 |    5848 |  23.0 |      39 |       5 |  11.4
    Crypt:3 |       0 |   89760 | 100.0 |       0 |     129 | 100.0
   Depths:1 |   40228 |       0 |   0.0 |      57 |       0 |   0.0
   Depths:2 |   20777 |   11750 |  36.1 |      24 |      34 |  58.6
   Depths:3 |   37274 |   53524 |  58.9 |      59 |      42 |  41.6
   Depths:4 |   74811 |   30007 |  28.6 |      54 |      17 |  23.9
   Depths:5 |   61200 |   23815 |  28.0 |      33 |      16 |  32.7
       Hell |   18313 |   47334 |  72.1 |      19 |      53 |  73.6
      Dis:1 |    1475 |       0 |   0.0 |       3 |       0 |   0.0
      Dis:2 |    1020 |       0 |   0.0 |       6 |       0 |   0.0
      Dis:4 |   36865 |   17694 |  32.4 |      61 |      24 |  28.2
      Dis:5 |    5863 |       0 |   0.0 |      23 |       0 |   0.0
      Dis:6 |   10108 |       0 |   0.0 |      20 |       0 |   0.0
      Dis:7 |   57512 |   97274 |  62.8 |      73 |      66 |  47.5
      Geh:1 |    7341 |       0 |   0.0 |      22 |       0 |   0.0
      Geh:2 |   31497 |       0 |   0.0 |      60 |       0 |   0.0
      Geh:3 |   29615 |       0 |   0.0 |      52 |       0 |   0.0
      Geh:4 |   31447 |       0 |   0.0 |      59 |       0 |   0.0
      Geh:5 |   72694 |    6551 |   8.3 |     105 |       6 |   5.4
      Geh:6 |   12302 |       0 |   0.0 |      29 |       0 |   0.0
      Geh:7 |   38332 |   55029 |  58.9 |      86 |      37 |  30.1
      Coc:1 |    9201 |       0 |   0.0 |      18 |       0 |   0.0
      Coc:2 |   18332 |       0 |   0.0 |      43 |       0 |   0.0
      Coc:3 |   34495 |       0 |   0.0 |      72 |       0 |   0.0
      Coc:4 |   59657 |       0 |   0.0 |      42 |       0 |   0.0
      Coc:5 |    8482 |       0 |   0.0 |      19 |       0 |   0.0
      Coc:6 |   22643 |       0 |   0.0 |      53 |       0 |   0.0
      Coc:7 |   99602 |   61379 |  38.1 |     123 |      62 |  33.5
      Tar:1 |   18205 |       0 |   0.0 |      20 |       0 |   0.0
      Tar:3 |    4692 |     171 |   3.5 |       7 |       2 |  22.2
      Tar:4 |    7372 |       0 |   0.0 |      14 |       0 |   0.0
      Tar:6 |   42759 |       0 |   0.0 |      35 |       0 |   0.0
      Tar:7 |    1460 |    3836 |  72.4 |       5 |       4 |  44.4
    Abyss:3 |    1366 |       0 |   0.0 |       4 |       0 |   0.0
    Abyss:4 |    4590 |   15218 |  76.8 |      13 |      18 |  58.1
        Pan |  201612 |  203821 |  50.3 |     263 |     140 |  34.7
     WizLab |       0 |   20668 | 100.0 |       0 |      32 | 100.0
            +---------+---------+-------+---------+---------+-------

Table legend:
 A = Turns spent in this place as a percentage of turns spent in the entire game.
 B = Non-inter-level travel turns spent in this place as a percentage of non-inter-level travel turns spent in the entire game.
 C = Inter-level travel turns spent in this place as a percentage of turns spent in this place.
 D = Turns resting spent in this place as a percentage of non-inter-level travel turns spent in this place.
 E = Turns spent auto-exploring this place as a percentage of non-inter-level travel turns spent in this place.
 F = Non-inter-level travel turns spent in this place divided by the number of levels of this place that you've seen.
                   A       B       C       D       E      F
               +-------+-------+-------+-------+-------+----------------------
         Total | 100.0 | 100.0 |   9.4 |  28.2 |  27.9 | 889.0
       Dungeon |  19.3 |  17.4 |  18.2 |  26.4 |  37.4 | 1018.9
        Temple |   0.2 |   0.2 |  14.8 |   0.0 |  97.5 | 161.0
          Lair |   8.1 |   7.8 |  13.1 |  20.8 |  43.6 | 1144.7
        Shoals |   5.9 |   6.0 |   7.4 |  31.1 |  25.9 | 1325.8
     Snake Pit |   9.1 |   9.6 |   4.0 |  42.6 |  30.2 | 2111.8
    Slime Pits |   2.0 |   2.1 |   3.3 |  66.8 |   0.0 | 366.6
  Orcish Mines |   3.0 |   2.7 |  15.9 |  29.7 |  27.9 | 1209.0
   Elven Halls |   4.7 |   4.7 |   7.8 |  18.9 |  30.4 | 1390.0
        Vaults |  11.5 |  10.8 |  14.7 |  22.2 |  24.7 | 1903.6
         Crypt |   3.3 |   3.5 |   4.9 |  13.2 |  27.3 | 1017.0
        Depths |   8.6 |   9.0 |   5.7 |  31.9 |  30.3 | 1575.4
          Hell |   2.8 |   2.9 |   6.4 |  71.7 |   9.6 | 2531.0
           Dis |   2.9 |   3.1 |   1.4 |  20.8 |  11.3 | 460.2
       Gehenna |   3.6 |   3.7 |   8.0 |  11.6 |  13.7 | 461.4
       Cocytus |   3.9 |   4.1 |   5.3 |  26.0 |   8.4 | 516.1
      Tartarus |   0.9 |   1.0 |   0.0 |  25.2 |  32.8 | 141.3
         Abyss |   0.4 |   0.4 |   0.0 |   0.0 |  17.3 |  95.5
   Pandemonium |   8.6 |   9.5 |   0.0 |  20.2 |  30.2 | 641.5
         Trove |   0.1 |   0.1 |   0.0 |   0.0 |  32.5 | 117.0
        Wizlab |   1.3 |   1.4 |   0.0 |  60.7 |   4.8 | 1261.0
               +-------+-------+-------+-------+-------+----------------------

Vault maps used:
D:1:      evilmike_arrival_rings, serial_aquarium, aquarium_bridge_straight,
          aquarium_window_fake, aquarium_window_3, aquarium_window_fake,
          aquarium_window_corner, aquarium_view_2d, aquarium_view_2d,
          aquarium_balcony_1a, minmay_misc_feat_secret_circle,
          minmay_close_crescents
D:2:      cheibriados_altar_1
D:3:      minmay_octagon_keep, first_ration, tgw_kikubaaqudgha
D:4:      kennysheep_slugbush, dk_noncrumbling_3, hex_intersection, uniq_duvessa
D:5:      minmay_temple_entry_tees
D:6:      makhleb_altar_promises_db, uniq_sigmund
D:7:      minitemple, nicolae_overflow_crystal_walls
D:8:      uniq_grum, uniq_psyche
D:9:      lemuel_crystal_altar, david_nohive_1, chequers_serial_rivers_small_b
D:10:     lair_entry_dummy, basic_altar, serial_shops, shop, enter_trove_2,
          uniq_sonja, uniq_erolcha
D:11:     wad_scary_box
D:12:     david_orc_5
D:13:     grunt_vaults_entry_fortified
D:15:     hangedman_spin_cycle
Temple:   eino_temple_scatter_basement
Lair:1:   lemuel_fruit_fields, serial_bayou_shore_b
Lair:2:   minmay_shoals_entry_beasts, guppyfry_snake_entry_island
Lair:5:   slime_altar_1, minivault_27, serial_bayou_shore_b,
          serial_bayou_shore_a
Lair:6:   gammafunk_lair_ancient_temple, grunt_forest_stairs_basic,
          cheibrodos_lair_lostbears
Shoals:2: ebering_ghost_rock_garden
Shoals:3: serial_shops, shop_statue
Shoals:4: shoals_end_simple, gammafunk_ghost_arena, uniq_polyphemus
Snake:1:  nrook_guardian_serpent_ordinary, uniq_kirke, uniq_agnes
Snake:2:  uniq_vashnia
Snake:4:  minmay_snake_end_coiled, uniq_nikola, uniq_louise
Slime:1:  cheibrodos_slime_lost_civilization_5
Orc:1:    serial_shops, nicolae_shop_crystal, uniq_josephine, uniq_erica,
          uniq_urug
Orc:2:    st_orc_open, sword_in_stone, uniq_azrael
Elf:1:    mu_enter_wizlab_1, minmay_elf_necromancy, minmay_misc_feat_five
Elf:2:    serial_shops, shop
Elf:3:    grunt_elf_hall_asides, david_defended_altar_elf, minmay_shoptagon
Vaults:1: hangedman_vaults_variations, nicolae_vaults_little_squares_5,
          hangedman_vaults_locks, grunt_vaults_hallway_long,
          nicolae_vaults_quartermaster, nicolae_vaults_theta, v_alt_pattern_1,
          v_pattern_3
Vaults:2: grunt_vaults_trifunnel, ontoclasm_vaults_ring_small,
          nicolae_vaults_triangles, nicolae_vaults_network_square,
          vaults_room_hangedman_quadrants, nicolae_vaults_network_barrier,
          grunt_vaults_funnel, v_misc_32, vaults_room_door_ring, v_misc_17,
          vaults_dpeg_encased_lava, basic_altar, uniq_frederick
Vaults:3: st_spiral_rooms, nicolae_vaults_little_squares_4,
          ontoclasm_vaults_ligature, vaults_standard_mumra_lines,
          minmay_crypt_entry_necro_gods, ontoclasm_vaults_fault,
          nicolae_vaults_asterisk, vaults_room_hallway, v_misc_5,
          vaults_room_corners, v_rooms_2, vaults_room_octagon, v_misc_27,
          serial_shops, nicolae_shop_overgrown_old_shop,
          nicolae_shop_behind_doors, shop, shop
Vaults:4: nicolae_vaults_little_squares_2,
          nicolae_vaults_windows_and_doors_thing,
          hangedman_vaults_hard_town_square,
          hangedman_vaults_stretched_pinwheel, nicolae_vaults_little_squares_2,
          hangedman_vaults_restitches, v_alt_pattern_3,
          nicolae_vaults_three_branches, ontoclasm_vaults_spin, serial_shops,
          nicolae_shop_behind_doors, uniq_jory
Vaults:5: serial_shops
Crypt:1:  uniq_sojobo, uniq_donald
Crypt:2:  minmay_guarded_unrand_majin_bo
Crypt:3:  grunt_crypt_end_deaths_head, uniq_xtahua, uniq_boris
Depths:1: enter_ziggurat_c, serial_shops, nicolae_shop_waterfront,
          abyss_entry_flame_altar, pan_entry, okawaru_ov_weapons_minmay,
          hell_entry, nemelex_xobeh_ov_fountains_minmay
Depths:2: gammafunk_sealed_arena, hellmouth_3, abyss_entry_small_statue_room,
          chequers_serial_rivers_micro_d, serial_shops, nicolae_shop_crystal,
          nicolae_shop_crystal, shop, uniq_saint_roka
Depths:3: minmay_heptahexagon, abyss_entry, pan_entry, serial_shops,
          nicolae_shop_stone, hell_entry, hangedman_abyss_or_decor_clamps,
          minmay_statues_item
Depths:4: minmay_the_grid_triangle_9x9_recursive_2_mashed, hell_entry,
          abyss_entry_crystal
Depths:5: grunt_crosshair, eino_curves_02, hell_entry
Dis:2:    lemuel_elevator
Dis:4:    hangedman_dis_decor_blocks_talon, evilmike_ambush
Dis:7:    dis_grunt_layers
Geh:5:    nicolae_geh_single_fiery_grave, hangedman_elemental_corridor
Geh:6:    door_vault
Geh:7:    geh_grunt_pentagon
Coc:7:    coc_hangedman
Tar:2:    nicolae_tar_cuneiform_oil, lemuel_nasty_fountain
Tar:3:    nicolae_tar_fractal_crypt, grunt_megastairs_2
Tar:7:    tar_mu
Abyss:3:  evilmike_abyss_exit_vortex
Abyss:4:  hangedman_steaming_rock, evilmike_abyss_rune_ettins
Pan:      nicolae_pan_glass_arcs, rand_demon_1, pan_blood_fountain_2,
          evilmike_gloorx_vloq_box, pan_blood_fountain,
          pan_blood_fountain_small, mnoleg, pan_blood_fountain,
          evilmike_mini_pan_other_thingy, lemuel_hellion_island, pan_surprise,
          nicolae_pan_giant_door, evilmike_mini_pan_doors_b, special_room,
          pan_blood_fountain_2, nicolae_pan_sigil_eeng, grunt_pan_pentagram,
          nicolae_pan_giant_door, nicolae_pan_gloorx_vloqian_1,
          pan_captured_pigsty, evilmike_mini_pan_rooms, pan_blood_fountain_2,
          reaverb_pan_squares, lom_lobon, cerebov
Trove:    trove_garden
WizLab:   wizlab_cloud
